Workbook

Sheet TALENTO HUMANO HUMANO 
C1: GESTIÓN SOCIAL EN SALUD DIRECCIÓN DE PARTICIPACIÓN SOCIAL, GESTIÓN TERRITORIAL Y TRANSECTORIALIDAD SISTEMA DE GESTIÓN CONTROL DOCUMENTAL
C4: CANASTA DE COSTOS DISTRITAL - PROYECTOS DE INVERSION LOCAL EN SALUD 2023
C5: Código: | E5: SDS-GSS-FT-077 | H5: Versión: | J5: 1
B6: Elaborado por: Equipo de proyectos de Inversion Local / Revisado por: Juan Alvarado - Carlos Guzmán - Sandra Caycedo / Aprobado por: María Fernanda Torres Penagos
B8: COSTEO TALENTO HUMANO EXCLUSIVO - AJUSTADO IPC 2025 (5,29%)
B10: PERFIL | C10: Valor Mes | D10: Horas Contratadas | E10: % de dedicacion sin tiempos muertos, ocultos, administrativos | F10: Horas Laboradas | G10: Costo por Hora | H10: Costo Por minuto
B11: Profesional Especializado / Coordinador | C11: 10532771 | D11: 186 | E11: =ROUND(Tabla22[[#This Row],[Horas Laboradas]]*100%/Tabla22[[#This Row],[Horas Contratadas]],2) -> 0.94 | F11: 174.84 | G11: =ROUND(+Tabla22[[#This Row],[Valor Mes]]/Tabla22[[#This Row],[Horas Laboradas]],2) -> 60242.34 | H11: =ROUND(+Tabla22[[#This Row],[Costo por Hora]]/60,0) -> 1004
B12: Profesional Especializado / Facilitador | C12: 8822237 | D12: 186 | E12: =ROUND(Tabla22[[#This Row],[Horas Laboradas]]*100%/Tabla22[[#This Row],[Horas Contratadas]],2) -> 0.94 | F12: 174.84 | G12: =ROUND(+Tabla22[[#This Row],[Valor Mes]]/Tabla22[[#This Row],[Horas Laboradas]],2) -> 50458.92 | H12: =ROUND(+Tabla22[[#This Row],[Costo por Hora]]/60,0) -> 841
B13: Profesional Universitario / Profesional Operativo | C13: 6107703 | D13: 186 | E13: =ROUND(Tabla22[[#This Row],[Horas Laboradas]]*100%/Tabla22[[#This Row],[Horas Contratadas]],2) -> 0.94 | F13: 174.84 | G13: =ROUND(+Tabla22[[#This Row],[Valor Mes]]/Tabla22[[#This Row],[Horas Laboradas]],2) -> 34933.1 | H13: =ROUND(+Tabla22[[#This Row],[Costo por Hora]]/60,0) -> 582
B14: Técnico Sistemas / Apoyo administrativo | C14: 4033371 | D14: 186 | E14: =ROUND(Tabla22[[#This Row],[Horas Laboradas]]*100%/Tabla22[[#This Row],[Horas Contratadas]],2) -> 0.94 | F14: 174.84 | G14: =ROUND(+Tabla22[[#This Row],[Valor Mes]]/Tabla22[[#This Row],[Horas Laboradas]],2) -> 23068.93 | H14: =ROUND(+Tabla22[[#This Row],[Costo por Hora]]/60,0) -> 384
B15: Bachiller / Gestor | C15: 2482967 | D15: 186 | E15: =ROUND(Tabla22[[#This Row],[Horas Laboradas]]*100%/Tabla22[[#This Row],[Horas Contratadas]],2) -> 0.94 | F15: 174.84 | G15: =ROUND(+Tabla22[[#This Row],[Valor Mes]]/Tabla22[[#This Row],[Horas Laboradas]],2) -> 14201.37 | H15: =ROUND(+Tabla22[[#This Row],[Costo por Hora]]/60,0) -> 237
B18: PERFIL | C18: SUR OCCIDENTE | D18: SUR | E18: CENTRO ORIENTE | F18: NORTE | G18: IPC | H18: COSTO HONORARIOS 2022 | I18: COSTO HONORARIOS + IPC SALUD A JUNIO 2023 | J18: IPC 2023 | K18: COSTO HONORARIOS + IPC 2023 A FEBRERO 2024 | L18: IPC 2024 | M18: COSTO HONORARIOS + IPC 2024 A FEBRERO 2025 | N18: IPC 2025 | O18: COSTO HONORARIOS + IPC 2025 A FEBRERO 2026 | XFD18: IPC 2026
B19: Profesional Especializado / Coordinador | C19: 7000000 | D19: 7760278 | E19: 6226865 | F19: 7250000 | G19: 0.1213 | H19: =+MAX(C19:F19) -> 7760278 | I19: =+H19*(1+G19) -> 8701599.7 | J19: 0.0928 | K19: =+I19*(1+J19) -> 9509108.2 | L19: 0.052 | M19: =+K19*(1+L19) -> 10003582 | N19: 0.052 | O19: =M19*XFD19+M19 -> 10532771 | XFD19: 0.0529
B20: Profesional Especializado / Facilitador | C20: 6500000 | D20: 5461004 | E20: 5510500 | F20: 5196347 | G20: 0.1213 | H20: =+MAX(C20:F20) -> 6500000 | I20: =+H20*(1+G20) -> 7288450 | J20: 0.0928 | K20: =+I20*(1+J20) -> 7964818.2 | L20: 0.052 | M20: =+K20*(1+L20) -> 8378988.7 | N20: 0.052 | O20: =M20*XFD20+M20 -> 8822237.2 | XFD20: 0.0529
B21: Profesional Universitario / Profesional Operativo | C21: 4500000 | D21: 3736514 | E21: 3337200 | F21: 3967988 | G21: 0.1213 | H21: =+MAX(C21:F21) -> 4500000 | I21: =+H21*(1+G21) -> 5045850 | J21: 0.0928 | K21: =+I21*(1+J21) -> 5514104.9 | L21: 0.052 | M21: =+K21*(1+L21) -> 5800838.3 | N21: 0.052 | O21: =M21*XFD21+M21 -> 6107702.7 | XFD21: 0.0529
B22: Técnico Sistemas / Apoyo administrativo | D22: 2443110 | E22: 2919020 | F22: 2971685 | G22: 0.1213 | H22: =+MAX(C22:F22) -> 2971685 | I22: =+H22*(1+G22) -> 3332150.4 | J22: 0.0928 | K22: =+I22*(1+J22) -> 3641373.9 | L22: 0.052 | M22: =+K22*(1+L22) -> 3830725.4 | N22: 0.052 | O22: =M22*XFD22+M22 -> 4033370.8 | XFD22: 0.0529
B23: Bachiller / Gestor | C23: 1500000 | D23: 1437009 | E23: 1796320 | F23: 1829387 | G23: 0.1213 | H23: =+MAX(C23:F23) -> 1829387 | I23: =+H23*(1+G23) -> 2051291.6 | J23: 0.0928 | K23: =+I23*(1+J23) -> 2241651.5 | L23: 0.052 | M23: =+K23*(1+L23) -> 2358217.4 | N23: 0.052 | O23: =M23*XFD23+M23 -> 2482967.1 | XFD23: 0.0529
B24: Totales | H24: =SUM(H19:H23) -> 23561350 | I24: =SUM(I19:I23) -> 26419342 | K24: =SUM(K19:K23) -> 28871057 | M24: =SUM(M19:M23) -> 30372352 | O24: =SUM(O19:O23) -> 31979049
B26: Nota de Soporte: La canasta de costos sugerida por el Sector se actualiza con datos vigentes a julio 2023, se recomienda considerar las variaciones macro y microeconómicas que afectan el Índice de Precios del consumidor - IPC y que inciden directamente sobre los costos aquí relacionados. Lo anterior establece la pertinencia del ajuste anual de los costos de acuerdo al comportamiento de la variación año corrido del IPC.

Sheet DAPS
D1: ANEXO CUADRO DE COSTOS GENERAL DISPOSITIVOS DE ASISTENCIA PERSONAL - AYUDAS TECNICAS 2026
A8: N° | B8: COMPONENTES | C8: ACTIVIDADES | E8: TALENTO HUMANO FDL | K8: COSTO TOTAL POR ACTIVIDAD | L8: TALENTO HUMANO SRNO | R8: COSTO TOTAL POR ACTIVIDAD | S8: COSTO TOTAL CONVENIO
D9: ROL EN EL EQUIPO DE TRABAJO | E9: FRECUENCIA DE USO | F9: NUMERO HORAS DEDICACIÓN MES | G9: TOTAL HORAS DEDICACIÓN CONVENIO | H9: HONORARIOS | I9: VALOR HORA | J9: VALOR POR ACTIVIDAD MES | L9: FRECUENCIA DE USO | M9: NUMERO HORAS DEDICACIÓN MES | N9: TOTAL HORAS DEDICACIÓN CONVENIO | O9: HONORARIOS | P9: VALOR HORA | Q9: VALOR POR ACTIVIDAD MES
A10: 1 | B10: ALISTAMIENTO | C10: GESTION NECESARIA PARA LA INCORPORACION DE PRESUPUESTO | D10: Profesional Especializado / Coordinador | E10: 1 | F10: 10 | G10: =+F10*E10 -> 10 | H10: 10532771 | I10: =ROUND(VLOOKUP(D10,Tabla22[],6,FALSE()),0) -> 60242 | J10: =IFERROR(I10*F10,"") -> 602420 | K10: =IFERROR(E10*F10*I10,"") -> 602420 | L10: 0 | M10: 0 | N10: 0 | O10: 0 | P10: 0 | Q10: 0 | R10: 0 | S10: =SUM(K10,R10) -> 602420
C11: GESTION CONTRATACION DE TALENTO HUMANO: ELABORACION DE REQUERIMIENTO Y OFICIO | D11: Profesional Especializado / Coordinador | E11: 1 | F11: 8 | G11: =+F11*E11 -> 8 | H11: =ROUND(VLOOKUP(D11,Tabla22[],2,FALSE()),0) -> 10532771 | I11: =ROUND(VLOOKUP(D11,Tabla22[],6,FALSE()),0) -> 60242 | J11: =IFERROR(I11*F11,"") -> 481936 | K11: =IFERROR(E11*F11*I11,"") -> 481936 | L11: 0 | M11: 0 | N11: 0 | O11: 0 | P11: 0 | Q11: 0 | R11: 0 | S11: =SUM(K11,R11) -> 481936
C12: SOLICITUD DE RECURSOS FISICOS Y APOYO TECNOLOGICO | D12: Profesional Especializado / Coordinador | E12: 1 | F12: 5 | G12: =+F12*E12 -> 5 | H12: =ROUND(VLOOKUP(D12,Tabla22[],2,FALSE()),0) -> 10532771 | I12: =ROUND(VLOOKUP(D12,Tabla22[],6,FALSE()),0) -> 60242 | J12: =IFERROR(I12*F12,"") -> 301210 | K12: =IFERROR(E12*F12*I12,"") -> 301210 | L12: 0 | M12: 0 | N12: 0 | O12: 0 | P12: 0 | Q12: 0 | R12: 0 | S12: =SUM(K12,R12) -> 301210
C13: ELABORACIÓN PLAN DE TRABAJO, CRONOGRAMA GENERAL Y MATRIZ DE PROYECCION FISICO FINANCIERA | D13: Profesional Especializado / Coordinador | E13: 1 | F13: 15 | G13: =+F13*E13 -> 15 | H13: =ROUND(VLOOKUP(D13,Tabla22[],2,FALSE()),0) -> 10532771 | I13: =ROUND(VLOOKUP(D13,Tabla22[],6,FALSE()),0) -> 60242 | J13: =IFERROR(I13*F13,"") -> 903630 | K13: =IFERROR(E13*F13*I13,"") -> 903630 | L13: 0 | M13: 0 | N13: 0 | O13: 0 | P13: 0 | Q13: 0 | R13: 0 | S13: =SUM(K13,R13) -> 903630
C14: REVISIÓN PLAN DE TRABAJO, CRONOGRAMA GENERAL Y MATRIZ DE PROYECCION FISICO FINANCIERA | D14: Profesional Especializado / Coordinador | E14: 1 | F14: 5 | G14: =+F14*E14 -> 5 | H14: =ROUND(VLOOKUP(D14,Tabla22[],2,FALSE()),0) -> 10532771 | I14: =ROUND(VLOOKUP(D14,Tabla22[],6,FALSE()),0) -> 60242 | J14: =IFERROR(I14*F14,"") -> 301210 | K14: =IFERROR(E14*F14*I14,"") -> 301210 | L14: 0 | M14: 0 | N14: 0 | O14: 0 | P14: 0 | Q14: 0 | R14: 0 | S14: =SUM(K14,R14) -> 301210
A15: 2 | B15: PROCESO TÉCNICO ADMINISTRATIVO DE CONTRATACIÓN DE PROVEEDORES | C15: - PLAN ANUAL DE ADQUISICIONES - ELABORACIÓN DE TERMINOSD E REFERENCIA -ELABORACIÓN DE ESTUDIOS DE MERCADO -ELABORACION DE ESTUDIOS PREVIOS -VISITAS TÉCNICAS A PROVEEDORES -EVALUACIÓN TÉCNICA A PROVEEDORES -APOYO ELABORACIÓN RESPUESTAS PARA SUBSANACIÓNES Y OBSERVACIONES DE LOS OFERENTES | D15: Profesional Especializado / Coordinador | E15: 1 | F15: 20 | G15: =+F15*E15 -> 20 | H15: =ROUND(VLOOKUP(D15,Tabla22[],2,FALSE()),0) -> 10532771 | I15: =ROUND(VLOOKUP(D15,Tabla22[],6,FALSE()),0) -> 60242 | J15: =IFERROR(I15*F15,"") -> 1204840 | K15: =IFERROR(E15*F15*I15,"") -> 1204840 | L15: 0 | M15: 0 | N15: 0 | O15: 0 | P15: 0 | Q15: 0 | R15: 0 | S15: =SUM(K15,R15) -> 1204840
D16: Profesional Especializado / Facilitador | E16: 1 | F16: 15 | G16: =+F16*E16 -> 15 | H16: =ROUND(VLOOKUP(D16,Tabla22[],2,FALSE()),0) -> 8822237 | I16: =ROUND(VLOOKUP(D16,Tabla22[],6,FALSE()),0) -> 50459 | J16: =IFERROR(I16*F16,"") -> 756885 | K16: =IFERROR(E16*F16*I16,"") -> 756885 | L16: 0 | M16: 0 | N16: 0 | O16: 0 | P16: 0 | Q16: 0 | R16: 0 | S16: =SUM(K16,R16) -> 756885
C17: ACOMPAÑAMIENTO TÉCNICO AL PROCESO DE CONTRATACIÓN (PRE-CONTRACTUAL Y FIRMA DEL ACTA DE INICIO) | D17: Profesional Especializado / Coordinador | E17: 1 | F17: 15 | G17: =+F17*E17 -> 15 | H17: =ROUND(VLOOKUP(D17,Tabla22[],2,FALSE()),0) -> 10532771 | I17: =ROUND(VLOOKUP(D17,Tabla22[],6,FALSE()),0) -> 60242 | J17: =IFERROR(I17*F17,"") -> 903630 | K17: =IFERROR(E17*F17*I17,"") -> 903630 | L17: 0 | M17: 0 | N17: 0 | O17: 0 | P17: 0 | Q17: 0 | R17: 0 | S17: =SUM(K17,R17) -> 903630
A18: 3 | B18: ETAPA DE CONVOCATORIA Y SOCIALIZACIÓN | C18: BUSQUEDA ACTIVA | D18: Profesional Universitario / Profesional Operativo | E18: 3 | F18: 40 | G18: =+F18*E18 -> 120 | H18: =ROUND(VLOOKUP(D18,Tabla22[],2,FALSE()),0) -> 6107703 | I18: =ROUND(VLOOKUP(D18,Tabla22[],6,FALSE()),0) -> 34933 | J18: =IFERROR(I18*F18,"") -> 1397320 | K18: =IFERROR(E18*F18*I18,"") -> 4191960 | L18: 0 | M18: 0 | N18: 0 | O18: 0 | P18: 0 | Q18: 0 | R18: 0 | S18: =SUM(K18,R18) -> 4191960
C19: ARTICULACION INTERINSTITUCIONAL E INTERSECTORIAL | D19: Profesional Especializado / Facilitador | E19: 5 | F19: 4 | G19: =+F19*E19 -> 20 | H19: =ROUND(VLOOKUP(D19,Tabla22[],2,FALSE()),0) -> 8822237 | I19: =ROUND(VLOOKUP(D19,Tabla22[],6,FALSE()),0) -> 50459 | J19: =IFERROR(I19*F19,"") -> 201836 | K19: =IFERROR(E19*F19*I19,"") -> 1009180 | L19: 0 | M19: 0 | N19: 0 | O19: 0 | P19: 0 | Q19: 0 | R19: 0 | S19: =SUM(K19,R19) -> 1009180
C20: ENVIO CONTENIDO PARA LA ELABORACION DE PIEZAS COMUNICATIVAS | D20: Profesional Especializado / Facilitador | E20: 1 | F20: 4 | G20: =+F20*E20 -> 4 | H20: =ROUND(VLOOKUP(D20,Tabla22[],2,FALSE()),0) -> 8822237 | I20: =ROUND(VLOOKUP(D20,Tabla22[],6,FALSE()),0) -> 50459 | J20: =IFERROR(I20*F20,"") -> 201836 | K20: =IFERROR(E20*F20*I20,"") -> 201836 | L20: 0 | M20: 0 | N20: 0 | O20: 0 | P20: 0 | Q20: 0 | R20: 0 | S20: =SUM(K20,R20) -> 201836
C21: DISEÑO DE PIEZAS COMUNICATIVAS | D21: Profesional Universitario / Profesional Operativo | E21: 0 | F21: 0 | G21: =+F21*E21 -> 0 | H21: =ROUND(VLOOKUP(D21,Tabla22[],2,FALSE()),0) -> 6107703 | I21: =ROUND(VLOOKUP(D21,Tabla22[],6,FALSE()),0) -> 34933 | J21: =IFERROR(I21*F21,"") -> 0 | K21: =IFERROR(E21*F21*I21,"") -> 0 | L21: 0 | M21: 0 | N21: 0 | O21: 0 | P21: 0 | Q21: 0 | R21: 0 | S21: =SUM(K21,R21) -> 0
C22: DIVULGACIÓN DE PIEZA COMUNICATIVA | D22: Profesional Especializado / Facilitador | E22: 3 | F22: 1 | G22: =+F22*E22 -> 3 | H22: =ROUND(VLOOKUP(D22,Tabla22[],2,FALSE()),0) -> 8822237 | I22: =ROUND(VLOOKUP(D22,Tabla22[],6,FALSE()),0) -> 50459 | J22: =IFERROR(I22*F22,"") -> 50459 | K22: =IFERROR(E22*F22*I22,"") -> 151377 | L22: 0 | M22: 0 | N22: 0 | O22: 0 | P22: 0 | Q22: 0 | R22: 0 | S22: =SUM(K22,R22) -> 151377
D23: Profesional Universitario / Profesional Operativo | E23: 3 | F23: 1 | G23: =+F23*E23 -> 3 | H23: =ROUND(VLOOKUP(D23,Tabla22[],2,FALSE()),0) -> 6107703 | I23: =ROUND(VLOOKUP(D23,Tabla22[],6,FALSE()),0) -> 34933 | J23: =IFERROR(I23*F23,"") -> 34933 | K23: =IFERROR(E23*F23*I23,"") -> 104799 | L23: 0 | M23: 0 | N23: 0 | O23: 0 | P23: 0 | Q23: 0 | R23: 0 | S23: =SUM(K23,R23) -> 104799
A24: 4 | B24: PRESENTACIONES PÚBLICAS | C24: PLANEACION Y CONVOCATORIA: SOLICITUD DE ESPACIOS (FISICO Y/O VIRTUAL), ELABORACIÓN DE INVITACONES OFICIALES A GRUPOS POBLACIONALES, ELABORACION PRESENTACIÓN INICIAL | D24: Profesional Especializado / Facilitador | E24: 2 | F24: 16 | G24: =+F24*E24 -> 32 | H24: =ROUND(VLOOKUP(D24,Tabla22[],2,FALSE()),0) -> 8822237 | I24: =ROUND(VLOOKUP(D24,Tabla22[],6,FALSE()),0) -> 50459 | J24: =IFERROR(I24*F24,"") -> 807344 | K24: =IFERROR(E24*F24*I24,"") -> 1614688 | L24: 0 | M24: 0 | N24: 0 | O24: 0 | P24: 0 | Q24: 0 | R24: 0 | S24: =SUM(K24,R24) -> 1614688
D25: Profesional Especializado / Coordinador | E25: 2 | F25: 3 | G25: =+F25*E25 -> 6 | H25: =ROUND(VLOOKUP(D25,Tabla22[],2,FALSE()),0) -> 10532771 | I25: =ROUND(VLOOKUP(D25,Tabla22[],6,FALSE()),0) -> 60242 | J25: =IFERROR(I25*F25,"") -> 180726 | K25: =IFERROR(E25*F25*I25,"") -> 361452 | L25: 0 | M25: 0 | N25: 0 | O25: 0 | P25: 0 | Q25: 0 | R25: 0 | S25: =SUM(K25,R25) -> 361452
C26: DESARROLLO DE LA PRESENTACION: -PRESENTACIÓN -SOCIALIZACIÓN -DILIGENCIAMIENTO DE LISTADOS DE ASISTENCIA -TOMA DE REGISTRO FOTOGRAFICO | D26: Profesional Especializado / Coordinador | E26: 2 | F26: 4 | G26: =+F26*E26 -> 8 | H26: =ROUND(VLOOKUP(D26,Tabla22[],2,FALSE()),0) -> 10532771 | I26: =ROUND(VLOOKUP(D26,Tabla22[],6,FALSE()),0) -> 60242 | J26: =IFERROR(I26*F26,"") -> 240968 | K26: =IFERROR(E26*F26*I26,"") -> 481936 | L26: 0 | M26: 0 | N26: 0 | O26: 0 | P26: 0 | Q26: 0 | R26: 0 | S26: =SUM(K26,R26) -> 481936
D27: Profesional Universitario / Profesional Operativo | E27: 2 | F27: 4 | G27: =+F27*E27 -> 8 | H27: =ROUND(VLOOKUP(D27,Tabla22[],2,FALSE()),0) -> 6107703 | I27: =ROUND(VLOOKUP(D27,Tabla22[],6,FALSE()),0) -> 34933 | J27: =IFERROR(I27*F27,"") -> 139732 | K27: =IFERROR(E27*F27*I27,"") -> 279464 | L27: 0 | M27: 0 | N27: 0 | O27: 0 | P27: 0 | Q27: 0 | R27: 0 | S27: =SUM(K27,R27) -> 279464
D28: Profesional Especializado / Facilitador | E28: 2 | F28: 4 | G28: =+F28*E28 -> 8 | H28: =ROUND(VLOOKUP(D28,Tabla22[],2,FALSE()),0) -> 8822237 | I28: =ROUND(VLOOKUP(D28,Tabla22[],6,FALSE()),0) -> 50459 | J28: =IFERROR(I28*F28,"") -> 201836 | K28: =IFERROR(E28*F28*I28,"") -> 403672 | L28: 0 | M28: 0 | N28: 0 | O28: 0 | P28: 0 | Q28: 0 | R28: 0 | S28: =SUM(K28,R28) -> 403672
A29: 5 | B29: ETAPA DE INSCRIPCIÓN | C29: GESTIÓN DE LOS ESPACIOS FISICOS PARA PUNTOS ITINERANTES Y FIJOS DE INSCRIPCIÓN | D29: Profesional Especializado / Coordinador | E29: 3 | F29: 5 | G29: =+F29*E29 -> 15 | H29: =ROUND(VLOOKUP(D29,Tabla22[],2,FALSE()),0) -> 10532771 | I29: =ROUND(VLOOKUP(D29,Tabla22[],6,FALSE()),0) -> 60242 | J29: =IFERROR(I29*F29,"") -> 301210 | K29: =IFERROR(E29*F29*I29,"") -> 903630 | L29: 0 | M29: 0 | N29: 0 | O29: 0 | P29: 0 | Q29: 0 | R29: 0 | S29: =SUM(K29,R29) -> 903630
C30: RECEPCIÓN Y DIGITACIÓN DE INFORMACIÓN DE DATOS DE IDENTIFICACIÓN Y UBICACIÓN DEL POTENCIAL BENEFICIARIO EN BASE DE DATOS "LISTA DE INSCRITOS" | D30: Profesional Universitario / Profesional Operativo | E30: 5 | F30: 40 | G30: =+F30*E30 -> 200 | H30: =ROUND(VLOOKUP(D30,Tabla22[],2,FALSE()),0) -> 6107703 | I30: =ROUND(VLOOKUP(D30,Tabla22[],6,FALSE()),0) -> 34933 | J30: =IFERROR(I30*F30,"") -> 1397320 | K30: =IFERROR(E30*F30*I30,"") -> 6986600 | L30: 0 | M30: 0 | N30: 0 | O30: 0 | P30: 0 | Q30: 0 | R30: 0 | S30: =SUM(K30,R30) -> 6986600
C31: VERIFICACIÓN PARA LA DEPURACIÓN DE BASE DE DATOS DE "LISTA DE INSCRITOS" | D31: Profesional Universitario / Profesional Operativo | E31: 8 | F31: 8 | G31: =+F31*E31 -> 64 | H31: =ROUND(VLOOKUP(D31,Tabla22[],2,FALSE()),0) -> 6107703 | I31: =ROUND(VLOOKUP(D31,Tabla22[],6,FALSE()),0) -> 34933 | J31: =IFERROR(I31*F31,"") -> 279464 | K31: =IFERROR(E31*F31*I31,"") -> 2235712 | L31: 0 | M31: 0 | N31: 0 | O31: 0 | P31: 0 | Q31: 0 | R31: 0 | S31: =SUM(K31,R31) -> 2235712
A32: 6 | B32: ETAPA DE IDENTIFICACIÓN DE NECESIDADES FUNCIONALES DE VULNERABILIDAD | C32: GEOREFERENCIACIÓN | D32: Profesional Especializado / Facilitador | E32: 715 | F32: 0.05 | G32: =+F32*E32 -> 35.75 | H32: =ROUND(VLOOKUP(D32,Tabla22[],2,FALSE()),0) -> 8822237 | I32: =ROUND(VLOOKUP(D32,Tabla22[],6,FALSE()),0) -> 50459 | J32: =IFERROR(I32*F32,"") -> 2522.95 | K32: =IFERROR(E32*F32*I32,"") -> 1803909.2 | L32: 0 | M32: 0 | N32: 0 | O32: 0 | P32: 0 | Q32: 0 | R32: 0 | S32: =SUM(K32,R32) -> 1803909.2
C33: LLAMADAS A LOS USUARIOS PARA AGENDAMIENTO Y ALISTAMIENTO DE DOCUMENTACION | D33: Profesional Universitario / Profesional Operativo | E33: 715 | F33: 0.25 | G33: =+F33*E33 -> 178.75 | H33: =ROUND(VLOOKUP(D33,Tabla22[],2,FALSE()),0) -> 6107703 | I33: =ROUND(VLOOKUP(D33,Tabla22[],6,FALSE()),0) -> 34933 | J33: =IFERROR(I33*F33,"") -> 8733.25 | K33: =IFERROR(E33*F33*I33,"") -> 6244273.8 | L33: 0 | M33: 0 | N33: 0 | O33: 0 | P33: 0 | Q33: 0 | R33: 0 | S33: =SUM(K33,R33) -> 6244273.8
C34: TRASLADO INICIAL | D34: Profesional Universitario / Profesional Operativo | E34: 715 | F34: 0.5 | G34: =+F34*E34 -> 357.5 | H34: =ROUND(VLOOKUP(D34,Tabla22[],2,FALSE()),0) -> 6107703 | I34: =ROUND(VLOOKUP(D34,Tabla22[],6,FALSE()),0) -> 34933 | J34: =IFERROR(I34*F34,"") -> 17466.5 | K34: =IFERROR(E34*F34*I34,"") -> 12488548 | L34: 0 | M34: 0 | N34: 0 | O34: 0 | P34: 0 | Q34: 0 | R34: 0 | S34: =SUM(K34,R34) -> 12488548
C35: VISITA DE VULNERABILIDAD (ESPACIO DOMICILIO) INCLUYE EL DILIGENCIAMIENTO DE LOS FORMATOS | D35: Profesional Universitario / Profesional Operativo | E35: 715 | F35: 2 | G35: =+F35*E35 -> 1430 | H35: =ROUND(VLOOKUP(D35,Tabla22[],2,FALSE()),0) -> 6107703 | I35: =ROUND(VLOOKUP(D35,Tabla22[],6,FALSE()),0) -> 34933 | J35: =IFERROR(I35*F35,"") -> 69866 | K35: =IFERROR(E35*F35*I35,"") -> 49954190 | L35: 0 | M35: 0 | N35: 0 | O35: 0 | P35: 0 | Q35: 0 | R35: 0 | S35: =SUM(K35,R35) -> 49954190
C36: TRASLADO FINAL | D36: Profesional Universitario / Profesional Operativo | E36: 715 | F36: 0.5 | G36: =+F36*E36 -> 357.5 | H36: =ROUND(VLOOKUP(D36,Tabla22[],2,FALSE()),0) -> 6107703 | I36: =ROUND(VLOOKUP(D36,Tabla22[],6,FALSE()),0) -> 34933 | J36: =IFERROR(I36*F36,"") -> 17466.5 | K36: =IFERROR(E36*F36*I36,"") -> 12488548 | L36: 0 | M36: 0 | N36: 0 | O36: 0 | P36: 0 | Q36: 0 | R36: 0 | S36: =SUM(K36,R36) -> 12488548
C37: REGISTRO EN BASE DE DATOS | D37: Profesional Universitario / Profesional Operativo | E37: 715 | F37: 0.16 | G37: =+F37*E37 -> 114.4 | H37: =ROUND(VLOOKUP(D37,Tabla22[],2,FALSE()),0) -> 6107703 | I37: =ROUND(VLOOKUP(D37,Tabla22[],6,FALSE()),0) -> 34933 | J37: =IFERROR(I37*F37,"") -> 5589.28 | K37: =IFERROR(E37*F37*I37,"") -> 3996335.2 | L37: 0 | M37: 0 | N37: 0 | O37: 0 | P37: 0 | Q37: 0 | R37: 0 | S37: =SUM(K37,R37) -> 3996335.2
C38: GESTIÓN ADMINISTRATIVA PROFESIONAL (RECEPCIÓN DOCUMENTAL Y DEMAS SOPORTES REQUERIDOS) | D38: Profesional Universitario / Profesional Operativo | E38: 715 | F38: 0.54 | G38: =+F38*E38 -> 386.1 | H38: =ROUND(VLOOKUP(D38,Tabla22[],2,FALSE()),0) -> 6107703 | I38: =ROUND(VLOOKUP(D38,Tabla22[],6,FALSE()),0) -> 34933 | J38: =IFERROR(I38*F38,"") -> 18863.82 | K38: =IFERROR(E38*F38*I38,"") -> 13487631 | L38: 0 | M38: 0 | N38: 0 | O38: 0 | P38: 0 | Q38: 0 | R38: 0 | S38: =SUM(K38,R38) -> 13487631
B39: ETAPA DE PRESCRIPCION | C39: GEOREFERENCIACIÓN | D39: Profesional Especializado / Facilitador | E39: 715 | F39: 0.05 | G39: =+F39*E39 -> 35.75 | H39: =ROUND(VLOOKUP(D39,Tabla22[],2,FALSE()),0) -> 8822237 | I39: =ROUND(VLOOKUP(D39,Tabla22[],6,FALSE()),0) -> 50459 | J39: =IFERROR(I39*F39,"") -> 2522.95 | K39: =IFERROR(E39*F39*I39,"") -> 1803909.2 | L39: 0 | M39: 0 | N39: 0 | O39: 0 | P39: 0 | Q39: 0 | R39: 0 | S39: =SUM(K39,R39) -> 1803909.2
C40: LLAMADAS A LOS USUARIOS PARA AGENDAMIENTO Y ALISTAMIENTO DE DOCUMENTACION | D40: Profesional Universitario / Profesional Operativo | E40: 715 | F40: 0.25 | G40: =+F40*E40 -> 178.75 | H40: =ROUND(VLOOKUP(D40,Tabla22[],2,FALSE()),0) -> 6107703 | I40: =ROUND(VLOOKUP(D40,Tabla22[],6,FALSE()),0) -> 34933 | J40: =IFERROR(I40*F40,"") -> 8733.25 | K40: =IFERROR(E40*F40*I40,"") -> 6244273.8 | L40: 0 | M40: 0 | N40: 0 | O40: 0 | P40: 0 | Q40: 0 | R40: 0 | S40: =SUM(K40,R40) -> 6244273.8
C41: TRASLADO INICIAL | D41: Profesional Universitario / Profesional Operativo | E41: 715 | F41: 0.5 | G41: =+F41*E41 -> 357.5 | H41: =ROUND(VLOOKUP(D41,Tabla22[],2,FALSE()),0) -> 6107703 | I41: =ROUND(VLOOKUP(D41,Tabla22[],6,FALSE()),0) -> 34933 | J41: =IFERROR(I41*F41,"") -> 17466.5 | K41: =IFERROR(E41*F41*I41,"") -> 12488548 | L41: 0 | M41: 0 | N41: 0 | O41: 0 | P41: 0 | Q41: 0 | R41: 0 | S41: =SUM(K41,R41) -> 12488548
C42: VISITA DE PRESCRIPCIÓN (ESPACIO DOMICILIO) INCLUYE EL DILIGENCIAMIENTO DE LOS FORMATOS | D42: Profesional Universitario / Profesional Operativo | E42: 715 | F42: 2 | G42: =+F42*E42 -> 1430 | H42: =ROUND(VLOOKUP(D42,Tabla22[],2,FALSE()),0) -> 6107703 | I42: =ROUND(VLOOKUP(D42,Tabla22[],6,FALSE()),0) -> 34933 | J42: =IFERROR(I42*F42,"") -> 69866 | K42: =IFERROR(E42*F42*I42,"") -> 49954190 | L42: 0 | M42: 0 | N42: 0 | O42: 0 | P42: 0 | Q42: 0 | R42: 0 | S42: =SUM(K42,R42) -> 49954190
C43: TRASLADO FINAL | D43: Profesional Universitario / Profesional Operativo | E43: 715 | F43: 0.5 | G43: =+F43*E43 -> 357.5 | H43: =ROUND(VLOOKUP(D43,Tabla22[],2,FALSE()),0) -> 6107703 | I43: =ROUND(VLOOKUP(D43,Tabla22[],6,FALSE()),0) -> 34933 | J43: =IFERROR(I43*F43,"") -> 17466.5 | K43: =IFERROR(E43*F43*I43,"") -> 12488548 | L43: 0 | M43: 0 | N43: 0 | O43: 0 | P43: 0 | Q43: 0 | R43: 0 | S43: =SUM(K43,R43) -> 12488548
C44: REGISTRO EN BASE DE DATOS | D44: Profesional Universitario / Profesional Operativo | E44: 715 | F44: 0.16 | G44: =+F44*E44 -> 114.4 | H44: =ROUND(VLOOKUP(D44,Tabla22[],2,FALSE()),0) -> 6107703 | I44: =ROUND(VLOOKUP(D44,Tabla22[],6,FALSE()),0) -> 34933 | J44: =IFERROR(I44*F44,"") -> 5589.28 | K44: =IFERROR(E44*F44*I44,"") -> 3996335.2 | L44: 0 | M44: 0 | N44: 0 | O44: 0 | P44: 0 | Q44: 0 | R44: 0 | S44: =SUM(K44,R44) -> 3996335.2
C45: GESTIÓN ADMINISTRATIVA PROFESIONAL (RECEPCIÓN DOCUMENTAL Y DEMAS SOPORTES REQUERIDOS) | D45: Profesional Universitario / Profesional Operativo | E45: 715 | F45: 0.54 | G45: =+F45*E45 -> 386.1 | H45: =ROUND(VLOOKUP(D45,Tabla22[],2,FALSE()),0) -> 6107703 | I45: =ROUND(VLOOKUP(D45,Tabla22[],6,FALSE()),0) -> 34933 | J45: =IFERROR(I45*F45,"") -> 18863.82 | K45: =IFERROR(E45*F45*I45,"") -> 13487631 | L45: 0 | M45: 0 | N45: 0 | O45: 0 | P45: 0 | Q45: 0 | R45: 0 | S45: =SUM(K45,R45) -> 13487631
A46: 7 | B46: ETAPA DE APROBACIÓN | C46: ORGANIZACIÓN DE GESTION DOCUMENTAL (CARPETA POR USUARIO) | D46: Profesional Universitario / Profesional Operativo | E46: 650 | F46: 2 | G46: =+F46*E46 -> 1300 | H46: =ROUND(VLOOKUP(D46,Tabla22[],2,FALSE()),0) -> 6107703 | I46: =ROUND(VLOOKUP(D46,Tabla22[],6,FALSE()),0) -> 34933 | J46: =IFERROR(I46*F46,"") -> 69866 | K46: =IFERROR(E46*F46*I46,"") -> 45412900 | L46: 0 | M46: 0 | N46: 0 | O46: 0 | P46: 0 | Q46: 0 | R46: 0 | S46: =SUM(K46,R46) -> 45412900
C47: ELABORACION Y PRESENTACION EN DIAPOSITIVAS | D47: Profesional Universitario / Profesional Operativo | E47: 65 | F47: 2 | G47: =+F47*E47 -> 130 | H47: =ROUND(VLOOKUP(D47,Tabla22[],2,FALSE()),0) -> 6107703 | I47: =ROUND(VLOOKUP(D47,Tabla22[],6,FALSE()),0) -> 34933 | J47: =IFERROR(I47*F47,"") -> 69866 | K47: =IFERROR(E47*F47*I47,"") -> 4541290 | L47: 0 | M47: 0 | N47: 0 | O47: 0 | P47: 0 | Q47: 0 | R47: 0 | S47: =SUM(K47,R47) -> 4541290
C48: ARTICULACIÓN CON EAPB (IDENTIFICACION DE TUTELAS Y/PROCESOS DE SOLICITUD DE SILLAS DE RUEDAS) | D48: Profesional Especializado / Facilitador | E48: 5 | F48: 2 | G48: =+F48*E48 -> 10 | H48: =ROUND(VLOOKUP(D48,Tabla22[],2,FALSE()),0) -> 8822237 | I48: =ROUND(VLOOKUP(D48,Tabla22[],6,FALSE()),0) -> 50459 | J48: =IFERROR(I48*F48,"") -> 100918 | K48: =IFERROR(E48*F48*I48,"") -> 504590 | L48: 0 | M48: 0 | N48: 0 | O48: 0 | P48: 0 | Q48: 0 | R48: 0 | S48: =SUM(K48,R48) -> 504590
C49: ELABORACIÓN DE BASE DE DATOS PARA PRESENTACION AL COMITÉ DE APROBACIÓN CON TODAS LAS VARIABLES | D49: Profesional Universitario / Profesional Operativo | E49: 650 | F49: 1 | G49: =+F49*E49 -> 650 | H49: =ROUND(VLOOKUP(D49,Tabla22[],2,FALSE()),0) -> 6107703 | I49: =ROUND(VLOOKUP(D49,Tabla22[],6,FALSE()),0) -> 34933 | J49: =IFERROR(I49*F49,"") -> 34933 | K49: =IFERROR(E49*F49*I49,"") -> 22706450 | L49: 0 | M49: 0 | N49: 0 | O49: 0 | P49: 0 | Q49: 0 | R49: 0 | S49: =SUM(K49,R49) -> 22706450
D50: Profesional Especializado / Facilitador | E50: 650 | F50: 1 | G50: =+F50*E50 -> 650 | H50: =ROUND(VLOOKUP(D50,Tabla22[],2,FALSE()),0) -> 8822237 | I50: =ROUND(VLOOKUP(D50,Tabla22[],6,FALSE()),0) -> 50459 | J50: =IFERROR(I50*F50,"") -> 50459 | K50: =IFERROR(E50*F50*I50,"") -> 32798350 | L50: 0 | M50: 0 | N50: 0 | O50: 0 | P50: 0 | Q50: 0 | R50: 0 | S50: =SUM(K50,R50) -> 32798350
C51: DESARROLLO DEL COMITÉ DE APROBACIÓN | D51: Profesional Especializado / Facilitador | E51: 650 | F51: 0.15 | G51: =+F51*E51 -> 97.5 | H51: =ROUND(VLOOKUP(D51,Tabla22[],2,FALSE()),0) -> 8822237 | I51: =ROUND(VLOOKUP(D51,Tabla22[],6,FALSE()),0) -> 50459 | J51: =IFERROR(I51*F51,"") -> 7568.85 | K51: =IFERROR(E51*F51*I51,"") -> 4919752.5 | L51: 0 | M51: 0 | N51: 0 | O51: 0 | P51: 0 | Q51: 0 | R51: 0 | S51: =SUM(K51,R51) -> 4919752.5
D52: Profesional Universitario / Profesional Operativo | E52: 650 | F52: 0.15 | G52: =+F52*E52 -> 97.5 | H52: =ROUND(VLOOKUP(D52,Tabla22[],2,FALSE()),0) -> 6107703 | I52: =ROUND(VLOOKUP(D52,Tabla22[],6,FALSE()),0) -> 34933 | J52: =IFERROR(I52*F52,"") -> 5239.95 | K52: =IFERROR(E52*F52*I52,"") -> 3405967.5 | L52: 0 | M52: 0 | N52: 0 | O52: 0 | P52: 0 | Q52: 0 | R52: 0 | S52: =SUM(K52,R52) -> 3405967.5
A53: 8 | B53: GESTIÓN PARA LA ADQUISICIÓN DE DISPOSITIVOS DE ASISTENCIA PERSONAL | C53: SOLICITUD AL PROVEEDOR (FACILITADOR) TOMA DE MOLDES (PROFESIONAL) Y RETOMA DE MEDIDAS CON PROVEEDOR (PROFESIONAL) | D53: Profesional Especializado / Facilitador | E53: 10 | F53: 2 | G53: =+F53*E53 -> 20 | H53: =ROUND(VLOOKUP(D53,Tabla22[],2,FALSE()),0) -> 8822237 | I53: =ROUND(VLOOKUP(D53,Tabla22[],6,FALSE()),0) -> 50459 | J53: =IFERROR(I53*F53,"") -> 100918 | K53: =IFERROR(E53*F53*I53,"") -> 1009180 | L53: 0 | M53: 0 | N53: 0 | O53: 0 | P53: 0 | Q53: 0 | R53: 0 | S53: =SUM(K53,R53) -> 1009180
D54: Profesional Universitario / Profesional Operativo | E54: 10 | F54: 8 | G54: =+F54*E54 -> 80 | H54: =ROUND(VLOOKUP(D54,Tabla22[],2,FALSE()),0) -> 6107703 | I54: =ROUND(VLOOKUP(D54,Tabla22[],6,FALSE()),0) -> 34933 | J54: =IFERROR(I54*F54,"") -> 279464 | K54: =IFERROR(E54*F54*I54,"") -> 2794640 | L54: 0 | M54: 0 | N54: 0 | O54: 0 | P54: 0 | Q54: 0 | R54: 0 | S54: =SUM(K54,R54) -> 2794640
C55: ELABORACION DEL PEDIDO AL PROVEEDOR | D55: Profesional Especializado / Facilitador | E55: 10 | F55: 8 | G55: =+F55*E55 -> 80 | H55: =ROUND(VLOOKUP(D55,Tabla22[],2,FALSE()),0) -> 8822237 | I55: =ROUND(VLOOKUP(D55,Tabla22[],6,FALSE()),0) -> 50459 | J55: =IFERROR(I55*F55,"") -> 403672 | K55: =IFERROR(E55*F55*I55,"") -> 4036720 | L55: 0 | M55: 0 | N55: 0 | O55: 0 | P55: 0 | Q55: 0 | R55: 0 | S55: =SUM(K55,R55) -> 4036720
C56: VISITAS DE REVISION DE DAP EN LAS INSTALACIONES DEL PROVEEDOR | D56: Profesional Especializado / Facilitador | E56: 10 | F56: 4 | G56: =+F56*E56 -> 40 | H56: =ROUND(VLOOKUP(D56,Tabla22[],2,FALSE()),0) -> 8822237 | I56: =ROUND(VLOOKUP(D56,Tabla22[],6,FALSE()),0) -> 50459 | J56: =IFERROR(I56*F56,"") -> 201836 | K56: =IFERROR(E56*F56*I56,"") -> 2018360 | L56: 0 | M56: 0 | N56: 0 | O56: 0 | P56: 0 | Q56: 0 | R56: 0 | S56: =SUM(K56,R56) -> 2018360
C57: PRESENTACION DE LOS DAP A LOS SUPERVISORES O INTERVENTORES | D57: Profesional Especializado / Facilitador | E57: 10 | F57: 4 | G57: =+F57*E57 -> 40 | H57: =ROUND(VLOOKUP(D57,Tabla22[],2,FALSE()),0) -> 8822237 | I57: =ROUND(VLOOKUP(D57,Tabla22[],6,FALSE()),0) -> 50459 | J57: =IFERROR(I57*F57,"") -> 201836 | K57: =IFERROR(E57*F57*I57,"") -> 2018360 | L57: 0 | M57: 0 | N57: 0 | O57: 0 | P57: 0 | Q57: 0 | R57: 0 | S57: =SUM(K57,R57) -> 2018360
C58: REUNION DE SEGUIMIENTO CON PROVEEDOR | D58: Profesional Especializado / Facilitador | E58: 10 | F58: 2 | G58: =+F58*E58 -> 20 | H58: =ROUND(VLOOKUP(D58,Tabla22[],2,FALSE()),0) -> 8822237 | I58: =ROUND(VLOOKUP(D58,Tabla22[],6,FALSE()),0) -> 50459 | J58: =IFERROR(I58*F58,"") -> 100918 | K58: =IFERROR(E58*F58*I58,"") -> 1009180 | L58: 0 | M58: 0 | N58: 0 | O58: 0 | P58: 0 | Q58: 0 | R58: 0 | S58: =SUM(K58,R58) -> 1009180
C59: INFORMES DE SUPERVISION CON PROVEEDOR | D59: Profesional Especializado / Coordinador | E59: 10 | F59: 3 | G59: =+F59*E59 -> 30 | H59: =ROUND(VLOOKUP(D59,Tabla22[],2,FALSE()),0) -> 10532771 | I59: =ROUND(VLOOKUP(D59,Tabla22[],6,FALSE()),0) -> 60242 | J59: =IFERROR(I59*F59,"") -> 180726 | K59: =IFERROR(E59*F59*I59,"") -> 1807260 | L59: 0 | M59: 0 | N59: 0 | O59: 0 | P59: 0 | Q59: 0 | R59: 0 | S59: =SUM(K59,R59) -> 1807260
D60: Técnico Sistemas / Apoyo administrativo | E60: 10 | F60: 3 | G60: =+F60*E60 -> 30 | H60: =ROUND(VLOOKUP(D60,Tabla22[],2,FALSE()),0) -> 4033371 | I60: =ROUND(VLOOKUP(D60,Tabla22[],6,FALSE()),0) -> 23069 | J60: =IFERROR(I60*F60,"") -> 69207 | K60: =IFERROR(E60*F60*I60,"") -> 692070 | L60: 0 | M60: 0 | N60: 0 | O60: 0 | P60: 0 | Q60: 0 | R60: 0 | S60: =SUM(K60,R60) -> 692070
C61: RECEPCION DEL PEDIDO E INGRESO AL AMACEN DEL PEDIDO | D61: Profesional Especializado / Facilitador | E61: 10 | F61: 4 | G61: =+F61*E61 -> 40 | H61: =ROUND(VLOOKUP(D61,Tabla22[],2,FALSE()),0) -> 8822237 | I61: =ROUND(VLOOKUP(D61,Tabla22[],6,FALSE()),0) -> 50459 | J61: =IFERROR(I61*F61,"") -> 201836 | K61: =IFERROR(E61*F61*I61,"") -> 2018360 | L61: 0 | M61: 0 | N61: 0 | O61: 0 | P61: 0 | Q61: 0 | R61: 0 | S61: =SUM(K61,R61) -> 2018360
C62: RADICACION DE FACTURACION Y/O INGRESO AL ALMACEN DEL FDL | D62: Profesional Especializado / Facilitador | E62: 10 | F62: 3 | G62: =+F62*E62 -> 30 | H62: =ROUND(VLOOKUP(D62,Tabla22[],2,FALSE()),0) -> 8822237 | I62: =ROUND(VLOOKUP(D62,Tabla22[],6,FALSE()),0) -> 50459 | J62: =IFERROR(I62*F62,"") -> 151377 | K62: =IFERROR(E62*F62*I62,"") -> 1513770 | L62: 0 | M62: 0 | N62: 0 | O62: 0 | P62: 0 | Q62: 0 | R62: 0 | S62: =SUM(K62,R62) -> 1513770
C63: GESTIÓN PARA LA CERTIFICACIÓN DE FACTURA Y RADICACIÓN | D63: Profesional Especializado / Coordinador | E63: 10 | F63: 2 | G63: =+F63*E63 -> 20 | H63: =ROUND(VLOOKUP(D63,Tabla22[],2,FALSE()),0) -> 10532771 | I63: =ROUND(VLOOKUP(D63,Tabla22[],6,FALSE()),0) -> 60242 | J63: =IFERROR(I63*F63,"") -> 120484 | K63: =IFERROR(E63*F63*I63,"") -> 1204840 | L63: 0 | M63: 0 | N63: 0 | O63: 0 | P63: 0 | Q63: 0 | R63: 0 | S63: =SUM(K63,R63) -> 1204840
A64: 9 | B64: ENTREGA Y ENTRENAMIENTO EN PUNTO FIJO DE MANERA PRESENCIAL Y GRUPAL | C64: ELABORACIÓN Y ACTUALIZACIÓN DE FICHA TÉCNICAS | D64: Profesional Especializado / Facilitador | E64: 1 | F64: 4 | G64: =+F64*E64 -> 4 | H64: =ROUND(VLOOKUP(D64,Tabla22[],2,FALSE()),0) -> 8822237 | I64: =ROUND(VLOOKUP(D64,Tabla22[],6,FALSE()),0) -> 50459 | J64: =IFERROR(I64*F64,"") -> 201836 | K64: =IFERROR(E64*F64*I64,"") -> 201836 | L64: 0 | M64: 0 | N64: 0 | O64: 0 | P64: 0 | Q64: 0 | R64: 0 | S64: =SUM(K64,R64) -> 201836
C65: ALISTAMIENTO DE FORMATOS DE ENTRENAMIENTO Y ACTA DE INTENCIÓN CON LA DESCRIPCIÓN DE CADA DISPOSITIVO A ENTREGAR. | D65: Profesional Universitario / Profesional Operativo | E65: 1 | F65: 8 | G65: =+F65*E65 -> 8 | H65: =ROUND(VLOOKUP(D65,Tabla22[],2,FALSE()),0) -> 6107703 | I65: =ROUND(VLOOKUP(D65,Tabla22[],6,FALSE()),0) -> 34933 | J65: =IFERROR(I65*F65,"") -> 279464 | K65: =IFERROR(E65*F65*I65,"") -> 279464 | L65: 0 | M65: 0 | N65: 0 | O65: 0 | P65: 0 | Q65: 0 | R65: 0 | S65: =SUM(K65,R65) -> 279464
C66: GESTION DEL ESPACIO PARA EL DESARROLLO DEL TALLER. | D66: Profesional Especializado / Facilitador | E66: 1 | F66: 5 | G66: =+F66*E66 -> 5 | H66: =ROUND(VLOOKUP(D66,Tabla22[],2,FALSE()),0) -> 8822237 | I66: =ROUND(VLOOKUP(D66,Tabla22[],6,FALSE()),0) -> 50459 | J66: =IFERROR(I66*F66,"") -> 252295 | K66: =IFERROR(E66*F66*I66,"") -> 252295 | L66: 0 | M66: 0 | N66: 0 | O66: 0 | P66: 0 | Q66: 0 | R66: 0 | S66: =SUM(K66,R66) -> 252295
C67: CONVOCATORIA A VEEDORES Y/O ACTORES INTRAINSTITUCIONALES PARA ENTREGA Y ENTRENAMIENTO DE DAP | D67: Profesional Universitario / Profesional Operativo | E67: 1 | F67: 8 | G67: =+F67*E67 -> 8 | H67: =ROUND(VLOOKUP(D67,Tabla22[],2,FALSE()),0) -> 6107703 | I67: =ROUND(VLOOKUP(D67,Tabla22[],6,FALSE()),0) -> 34933 | J67: =IFERROR(I67*F67,"") -> 279464 | K67: =IFERROR(E67*F67*I67,"") -> 279464 | L67: 0 | M67: 0 | N67: 0 | O67: 0 | P67: 0 | Q67: 0 | R67: 0 | S67: =SUM(K67,R67) -> 279464
C68: CONVOCATORIA A LOS USUARIOS Y/O CUIDADORES PARA ENTREGA Y ENTRENAMIENTO DE DAP | D68: Profesional Universitario / Profesional Operativo | E68: 2 | F68: 8 | G68: =+F68*E68 -> 16 | H68: =ROUND(VLOOKUP(D68,Tabla22[],2,FALSE()),0) -> 6107703 | I68: =ROUND(VLOOKUP(D68,Tabla22[],6,FALSE()),0) -> 34933 | J68: =IFERROR(I68*F68,"") -> 279464 | K68: =IFERROR(E68*F68*I68,"") -> 558928 | L68: 0 | M68: 0 | N68: 0 | O68: 0 | P68: 0 | Q68: 0 | R68: 0 | S68: =SUM(K68,R68) -> 558928
C69: TALLER DE ENTREGA Y ENTRENAMIENTO DE DAP: USO Y CUIDADO DE LOS DAP, EXPLICACIÓN DE CARTA DE INTENCIÓN, LISTADOS DE ASISTENCIA, REGISTRO FOTOGRÁFICO, FIRMAS DE CARTAS DE INTENCIÓN Y ENTREGA DE LOS DAP. | D69: Profesional Especializado / Facilitador | E69: 576 | F69: 4 | G69: =+F69*E69 -> 2304 | H69: =ROUND(VLOOKUP(D69,Tabla22[],2,FALSE()),0) -> 8822237 | I69: =ROUND(VLOOKUP(D69,Tabla22[],6,FALSE()),0) -> 50459 | J69: =IFERROR(I69*F69,"") -> 201836 | K69: =IFERROR(E69*F69*I69,"") -> 116257536 | L69: 0 | M69: 0 | N69: 0 | O69: 0 | P69: 0 | Q69: 0 | R69: 0 | S69: =SUM(K69,R69) -> 116257536
D70: Profesional Universitario / Profesional Operativo | E70: 1 | F70: 8 | G70: =+F70*E70 -> 8 | H70: =ROUND(VLOOKUP(D70,Tabla22[],2,FALSE()),0) -> 6107703 | I70: =ROUND(VLOOKUP(D70,Tabla22[],6,FALSE()),0) -> 34933 | J70: =IFERROR(I70*F70,"") -> 279464 | K70: =IFERROR(E70*F70*I70,"") -> 279464 | L70: 0 | M70: 0 | N70: 0 | O70: 0 | P70: 0 | Q70: 0 | R70: 0 | S70: =SUM(K70,R70) -> 279464
B71: ENTREGA Y ENTRENAMIENTO EN EL DOMICILIO DEL USUARIO | C71: ELABORACIÓN Y ACTUALIZACIÓN DE FICHA TÉCNICAS | D71: Profesional Especializado / Facilitador | E71: 1 | F71: 4 | G71: =+F71*E71 -> 4 | H71: =ROUND(VLOOKUP(D71,Tabla22[],2,FALSE()),0) -> 8822237 | I71: =ROUND(VLOOKUP(D71,Tabla22[],6,FALSE()),0) -> 50459 | J71: =IFERROR(I71*F71,"") -> 201836 | K71: =IFERROR(E71*F71*I71,"") -> 201836 | L71: 0 | M71: 0 | N71: 0 | O71: 0 | P71: 0 | Q71: 0 | R71: 0 | S71: =SUM(K71,R71) -> 201836
C72: ALISTAMIENTO DE FORMATOS DE ENTRENAMIENTO Y ACTA DE INTENCIÓN CON LA DESCRIPCIÓN DE CADA DISPOSITIVO A ENTREGAR. | D72: Profesional Universitario / Profesional Operativo | E72: 1 | F72: 8 | G72: =+F72*E72 -> 8 | H72: =ROUND(VLOOKUP(D72,Tabla22[],2,FALSE()),0) -> 6107703 | I72: =ROUND(VLOOKUP(D72,Tabla22[],6,FALSE()),0) -> 34933 | J72: =IFERROR(I72*F72,"") -> 279464 | K72: =IFERROR(E72*F72*I72,"") -> 279464 | L72: 0 | M72: 0 | N72: 0 | O72: 0 | P72: 0 | Q72: 0 | R72: 0 | S72: =SUM(K72,R72) -> 279464
C73: CONVOCATORIA A VEEDORES Y/O ACTORES INTRAINSTITUCIONALES PARA ENTREGA Y ENTRENAMIENTO DE DAP | D73: Profesional Universitario / Profesional Operativo | E73: 1 | F73: 8 | G73: =+F73*E73 -> 8 | H73: =ROUND(VLOOKUP(D73,Tabla22[],2,FALSE()),0) -> 6107703 | I73: =ROUND(VLOOKUP(D73,Tabla22[],6,FALSE()),0) -> 34933 | J73: =IFERROR(I73*F73,"") -> 279464 | K73: =IFERROR(E73*F73*I73,"") -> 279464 | L73: 0 | M73: 0 | N73: 0 | O73: 0 | P73: 0 | Q73: 0 | R73: 0 | S73: =SUM(K73,R73) -> 279464
C74: CONTACTO TELEFÓNICO CON LOS USUARIOS Y/O CUIDADORES PARA RECIBIR EL DAP EN EL DOMICILIO. | D74: Profesional Universitario / Profesional Operativo | E74: 1 | F74: 8 | G74: =+F74*E74 -> 8 | H74: =ROUND(VLOOKUP(D74,Tabla22[],2,FALSE()),0) -> 6107703 | I74: =ROUND(VLOOKUP(D74,Tabla22[],6,FALSE()),0) -> 34933 | J74: =IFERROR(I74*F74,"") -> 279464 | K74: =IFERROR(E74*F74*I74,"") -> 279464 | L74: 0 | M74: 0 | N74: 0 | O74: 0 | P74: 0 | Q74: 0 | R74: 0 | S74: =SUM(K74,R74) -> 279464
C75: ENTREGA Y ENTRENAMIENTO DOMICILIARIO : USO Y CUIDADO DE LOS DAP, EXPLICACIÓN DE CARTA DE INTENCIÓN, REGISTRO FOTOGRÁFICO Y FIRMAS DE LOS DOCUMENTOS. | D75: Profesional Universitario / Profesional Operativo | E75: 74 | F75: 3 | G75: =+F75*E75 -> 222 | H75: =ROUND(VLOOKUP(D75,Tabla22[],2,FALSE()),0) -> 6107703 | I75: =ROUND(VLOOKUP(D75,Tabla22[],6,FALSE()),0) -> 34933 | J75: =IFERROR(I75*F75,"") -> 104799 | K75: =IFERROR(E75*F75*I75,"") -> 7755126 | L75: 0 | M75: 0 | N75: 0 | O75: 0 | P75: 0 | Q75: 0 | R75: 0 | S75: =SUM(K75,R75) -> 7755126
A76: 10 | B76: VISITAS DE SEGUIMIENTO 2026 | C76: GEOREFERENCIACIÓN | D76: Profesional Especializado / Facilitador | E76: 650 | F76: 0.05 | G76: =+F76*E76 -> 32.5 | H76: =ROUND(VLOOKUP(D76,Tabla22[],2,FALSE()),0) -> 8822237 | I76: =ROUND(VLOOKUP(D76,Tabla22[],6,FALSE()),0) -> 50459 | J76: =IFERROR(I76*F76,"") -> 2522.95 | K76: =IFERROR(E76*F76*I76,"") -> 1639917.5 | L76: 0 | M76: 0 | N76: 0 | O76: 0 | P76: 0 | Q76: 0 | R76: 0 | S76: =SUM(K76,R76) -> 1639917.5
C77: LLAMADAS A LOS USUARIOS PARA AGENDAMIENTO | D77: Profesional Universitario / Profesional Operativo | E77: 650 | F77: 0.25 | G77: =+F77*E77 -> 162.5 | H77: =ROUND(VLOOKUP(D77,Tabla22[],2,FALSE()),0) -> 6107703 | I77: =ROUND(VLOOKUP(D77,Tabla22[],6,FALSE()),0) -> 34933 | J77: =IFERROR(I77*F77,"") -> 8733.25 | K77: =IFERROR(E77*F77*I77,"") -> 5676612.5 | L77: 0 | M77: 0 | N77: 0 | O77: 0 | P77: 0 | Q77: 0 | R77: 0 | S77: =SUM(K77,R77) -> 5676612.5
C78: TRASLADO INICIAL | D78: Profesional Universitario / Profesional Operativo | E78: 650 | F78: 0.5 | G78: =+F78*E78 -> 325 | H78: =ROUND(VLOOKUP(D78,Tabla22[],2,FALSE()),0) -> 6107703 | I78: =ROUND(VLOOKUP(D78,Tabla22[],6,FALSE()),0) -> 34933 | J78: =IFERROR(I78*F78,"") -> 17466.5 | K78: =IFERROR(E78*F78*I78,"") -> 11353225 | L78: 0 | M78: 0 | N78: 0 | O78: 0 | P78: 0 | Q78: 0 | R78: 0 | S78: =SUM(K78,R78) -> 11353225
C79: SEGUIMIENTO AL USO DE LA AYUDA TECNICA Y AL USUSARIO (INCLUYE DILIGENCIAMIENTO DE FORMATOS, GARANTIAS, REENTRENAMIENTO SI APLICA) | D79: Profesional Universitario / Profesional Operativo | E79: 650 | F79: 2 | G79: =+F79*E79 -> 1300 | H79: =ROUND(VLOOKUP(D79,Tabla22[],2,FALSE()),0) -> 6107703 | I79: =ROUND(VLOOKUP(D79,Tabla22[],6,FALSE()),0) -> 34933 | J79: =IFERROR(I79*F79,"") -> 69866 | K79: =IFERROR(E79*F79*I79,"") -> 45412900 | L79: 0 | M79: 0 | N79: 0 | O79: 0 | P79: 0 | Q79: 0 | R79: 0 | S79: =SUM(K79,R79) -> 45412900
C80: TRASLADO FINAL | D80: Profesional Universitario / Profesional Operativo | E80: 650 | F80: 0.5 | G80: =+F80*E80 -> 325 | H80: =ROUND(VLOOKUP(D80,Tabla22[],2,FALSE()),0) -> 6107703 | I80: =ROUND(VLOOKUP(D80,Tabla22[],6,FALSE()),0) -> 34933 | J80: =IFERROR(I80*F80,"") -> 17466.5 | K80: =IFERROR(E80*F80*I80,"") -> 11353225 | L80: 0 | M80: 0 | N80: 0 | O80: 0 | P80: 0 | Q80: 0 | R80: 0 | S80: =SUM(K80,R80) -> 11353225
C81: REGISTRO EN BASE DE DATOS | D81: Profesional Universitario / Profesional Operativo | E81: 650 | F81: 0.16 | G81: =+F81*E81 -> 104 | H81: =ROUND(VLOOKUP(D81,Tabla22[],2,FALSE()),0) -> 6107703 | I81: =ROUND(VLOOKUP(D81,Tabla22[],6,FALSE()),0) -> 34933 | J81: =IFERROR(I81*F81,"") -> 5589.28 | K81: =IFERROR(E81*F81*I81,"") -> 3633032 | L81: 0 | M81: 0 | N81: 0 | O81: 0 | P81: 0 | Q81: 0 | R81: 0 | S81: =SUM(K81,R81) -> 3633032
B82: VISITAS DE SEGUIMIENTO 2025 | C82: GEOREFERENCIACIÓN | D82: Profesional Especializado / Facilitador | E82: 250 | F82: 0.05 | G82: =+F82*E82 -> 12.5 | H82: =ROUND(VLOOKUP(D82,Tabla22[],2,FALSE()),0) -> 8822237 | I82: =ROUND(VLOOKUP(D82,Tabla22[],6,FALSE()),0) -> 50459 | J82: =IFERROR(I82*F82,"") -> 2522.95 | K82: =IFERROR(E82*F82*I82,"") -> 630737.5 | L82: 0 | M82: 0 | N82: 0 | O82: 0 | P82: 0 | Q82: 0 | R82: 0 | S82: =SUM(K82,R82) -> 630737.5
C83: LLAMADAS A LOS USUARIOS PARA AGENDAMIENTO | D83: Profesional Universitario / Profesional Operativo | E83: 250 | F83: 0.25 | G83: =+F83*E83 -> 62.5 | H83: =ROUND(VLOOKUP(D83,Tabla22[],2,FALSE()),0) -> 6107703 | I83: =ROUND(VLOOKUP(D83,Tabla22[],6,FALSE()),0) -> 34933 | J83: =IFERROR(I83*F83,"") -> 8733.25 | K83: =IFERROR(E83*F83*I83,"") -> 2183312.5 | L83: 0 | M83: 0 | N83: 0 | O83: 0 | P83: 0 | Q83: 0 | R83: 0 | S83: =SUM(K83,R83) -> 2183312.5
C84: TRASLADO INICIAL | D84: Profesional Universitario / Profesional Operativo | E84: 250 | F84: 0.5 | G84: =+F84*E84 -> 125 | H84: =ROUND(VLOOKUP(D84,Tabla22[],2,FALSE()),0) -> 6107703 | I84: =ROUND(VLOOKUP(D84,Tabla22[],6,FALSE()),0) -> 34933 | J84: =IFERROR(I84*F84,"") -> 17466.5 | K84: =IFERROR(E84*F84*I84,"") -> 4366625 | L84: 0 | M84: 0 | N84: 0 | O84: 0 | P84: 0 | Q84: 0 | R84: 0 | S84: =SUM(K84,R84) -> 4366625
C85: SEGUIMIENTO AL USO DE LA AYUDA TECNICA Y AL USUSARIO (INCLUYE DILIGENCIAMIENTO DE FORMATOS, GARANTIAS, REENTRENAMIENTO SI APLICA) | D85: Profesional Universitario / Profesional Operativo | E85: 250 | F85: 2 | G85: =+F85*E85 -> 500 | H85: =ROUND(VLOOKUP(D85,Tabla22[],2,FALSE()),0) -> 6107703 | I85: =ROUND(VLOOKUP(D85,Tabla22[],6,FALSE()),0) -> 34933 | J85: =IFERROR(I85*F85,"") -> 69866 | K85: =IFERROR(E85*F85*I85,"") -> 17466500 | L85: 0 | M85: 0 | N85: 0 | O85: 0 | P85: 0 | Q85: 0 | R85: 0 | S85: =SUM(K85,R85) -> 17466500
C86: TRASLADO FINAL | D86: Profesional Universitario / Profesional Operativo | E86: 250 | F86: 0.5 | G86: =+F86*E86 -> 125 | H86: =ROUND(VLOOKUP(D86,Tabla22[],2,FALSE()),0) -> 6107703 | I86: =ROUND(VLOOKUP(D86,Tabla22[],6,FALSE()),0) -> 34933 | J86: =IFERROR(I86*F86,"") -> 17466.5 | K86: =IFERROR(E86*F86*I86,"") -> 4366625 | L86: 0 | M86: 0 | N86: 0 | O86: 0 | P86: 0 | Q86: 0 | R86: 0 | S86: =SUM(K86,R86) -> 4366625
C87: REGISTRO EN BASE DE DATOS | D87: Profesional Universitario / Profesional Operativo | E87: 250 | F87: 0.16 | G87: =+F87*E87 -> 40 | H87: =ROUND(VLOOKUP(D87,Tabla22[],2,FALSE()),0) -> 6107703 | I87: =ROUND(VLOOKUP(D87,Tabla22[],6,FALSE()),0) -> 34933 | J87: =IFERROR(I87*F87,"") -> 5589.28 | K87: =IFERROR(E87*F87*I87,"") -> 1397320 | L87: 0 | M87: 0 | N87: 0 | O87: 0 | P87: 0 | Q87: 0 | R87: 0 | S87: =SUM(K87,R87) -> 1397320
B88: VISITAS DE SEGUIMIENTO 2024 | C88: GEOREFERENCIACIÓN | D88: Profesional Especializado / Facilitador | E88: 100 | F88: 0.05 | G88: =+F88*E88 -> 5 | H88: =ROUND(VLOOKUP(D88,Tabla22[],2,FALSE()),0) -> 8822237 | I88: =ROUND(VLOOKUP(D88,Tabla22[],6,FALSE()),0) -> 50459 | J88: =IFERROR(I88*F88,"") -> 2522.95 | K88: =IFERROR(E88*F88*I88,"") -> 252295 | L88: 0 | M88: 0 | N88: 0 | O88: 0 | P88: 0 | Q88: 0 | R88: 0 | S88: =SUM(K88,R88) -> 252295
C89: LLAMADAS A LOS USUARIOS PARA AGENDAMIENTO | D89: Profesional Universitario / Profesional Operativo | E89: 100 | F89: 0.25 | G89: =+F89*E89 -> 25 | H89: =ROUND(VLOOKUP(D89,Tabla22[],2,FALSE()),0) -> 6107703 | I89: =ROUND(VLOOKUP(D89,Tabla22[],6,FALSE()),0) -> 34933 | J89: =IFERROR(I89*F89,"") -> 8733.25 | K89: =IFERROR(E89*F89*I89,"") -> 873325 | L89: 0 | M89: 0 | N89: 0 | O89: 0 | P89: 0 | Q89: 0 | R89: 0 | S89: =SUM(K89,R89) -> 873325
C90: TRASLADO INICIAL | D90: Profesional Universitario / Profesional Operativo | E90: 100 | F90: 0.5 | G90: =+F90*E90 -> 50 | H90: =ROUND(VLOOKUP(D90,Tabla22[],2,FALSE()),0) -> 6107703 | I90: =ROUND(VLOOKUP(D90,Tabla22[],6,FALSE()),0) -> 34933 | J90: =IFERROR(I90*F90,"") -> 17466.5 | K90: =IFERROR(E90*F90*I90,"") -> 1746650 | L90: 0 | M90: 0 | N90: 0 | O90: 0 | P90: 0 | Q90: 0 | R90: 0 | S90: =SUM(K90,R90) -> 1746650
C91: SEGUIMIENTO AL USO DE LA AYUDA TECNICA Y AL USUSARIO (INCLUYE DILIGENCIAMIENTO DE FORMATOS, GARANTIAS, REENTRENAMIENTO SI APLICA) | D91: Profesional Universitario / Profesional Operativo | E91: 100 | F91: 2 | G91: =+F91*E91 -> 200 | H91: =ROUND(VLOOKUP(D91,Tabla22[],2,FALSE()),0) -> 6107703 | I91: =ROUND(VLOOKUP(D91,Tabla22[],6,FALSE()),0) -> 34933 | J91: =IFERROR(I91*F91,"") -> 69866 | K91: =IFERROR(E91*F91*I91,"") -> 6986600 | L91: 0 | M91: 0 | N91: 0 | O91: 0 | P91: 0 | Q91: 0 | R91: 0 | S91: =SUM(K91,R91) -> 6986600
C92: TRASLADO FINAL | D92: Profesional Universitario / Profesional Operativo | E92: 100 | F92: 0.5 | G92: =+F92*E92 -> 50 | H92: =ROUND(VLOOKUP(D92,Tabla22[],2,FALSE()),0) -> 6107703 | I92: =ROUND(VLOOKUP(D92,Tabla22[],6,FALSE()),0) -> 34933 | J92: =IFERROR(I92*F92,"") -> 17466.5 | K92: =IFERROR(E92*F92*I92,"") -> 1746650 | L92: 0 | M92: 0 | N92: 0 | O92: 0 | P92: 0 | Q92: 0 | R92: 0 | S92: =SUM(K92,R92) -> 1746650
C93: REGISTRO EN BASE DE DATOS | D93: Profesional Universitario / Profesional Operativo | E93: 100 | F93: 0.16 | G93: =+F93*E93 -> 16 | H93: =ROUND(VLOOKUP(D93,Tabla22[],2,FALSE()),0) -> 6107703 | I93: =ROUND(VLOOKUP(D93,Tabla22[],6,FALSE()),0) -> 34933 | J93: =IFERROR(I93*F93,"") -> 5589.28 | K93: =IFERROR(E93*F93*I93,"") -> 558928 | L93: 0 | M93: 0 | N93: 0 | O93: 0 | P93: 0 | Q93: 0 | R93: 0 | S93: =SUM(K93,R93) -> 558928
A94: 11 | B94: RETORNOS DE DISPOSITIVOS | C94: CONTACTO TELEFÓNICO CON LOS USUARIOS Y/O CUIDADORES PARA RETORNAR EL DAP | D94: Profesional Universitario / Profesional Operativo | E94: 10 | F94: 0.16 | G94: =+F94*E94 -> 1.6 | H94: =ROUND(VLOOKUP(D94,Tabla22[],2,FALSE()),0) -> 6107703 | I94: =ROUND(VLOOKUP(D94,Tabla22[],6,FALSE()),0) -> 34933 | J94: =IFERROR(I94*F94,"") -> 5589.28 | K94: =IFERROR(E94*F94*I94,"") -> 55892.8 | L94: 0 | M94: 0 | N94: 0 | O94: 0 | P94: 0 | Q94: 0 | R94: 0 | S94: =SUM(K94,R94) -> 55892.8
C95: TRASLADO INICIAL AL DOMICILIO DEL USUARIO | D95: Profesional Universitario / Profesional Operativo | E95: 10 | F95: 1 | G95: =+F95*E95 -> 10 | H95: =ROUND(VLOOKUP(D95,Tabla22[],2,FALSE()),0) -> 6107703 | I95: =ROUND(VLOOKUP(D95,Tabla22[],6,FALSE()),0) -> 34933 | J95: =IFERROR(I95*F95,"") -> 34933 | K95: =IFERROR(E95*F95*I95,"") -> 349330 | L95: 0 | M95: 0 | N95: 0 | O95: 0 | P95: 0 | Q95: 0 | R95: 0 | S95: =SUM(K95,R95) -> 349330
C96: VERIFICACIÓN, DESMONTE Y DILIGENCIAMIENTO DE FORMATOS | D96: Profesional Universitario / Profesional Operativo | E96: 10 | F96: 1 | G96: =+F96*E96 -> 10 | H96: =ROUND(VLOOKUP(D96,Tabla22[],2,FALSE()),0) -> 6107703 | I96: =ROUND(VLOOKUP(D96,Tabla22[],6,FALSE()),0) -> 34933 | J96: =IFERROR(I96*F96,"") -> 34933 | K96: =IFERROR(E96*F96*I96,"") -> 349330 | L96: 0 | M96: 0 | N96: 0 | O96: 0 | P96: 0 | Q96: 0 | R96: 0 | S96: =SUM(K96,R96) -> 349330
C97: TRASLADO FINAL | D97: Profesional Universitario / Profesional Operativo | E97: 10 | F97: 1 | G97: =+F97*E97 -> 10 | H97: =ROUND(VLOOKUP(D97,Tabla22[],2,FALSE()),0) -> 6107703 | I97: =ROUND(VLOOKUP(D97,Tabla22[],6,FALSE()),0) -> 34933 | J97: =IFERROR(I97*F97,"") -> 34933 | K97: =IFERROR(E97*F97*I97,"") -> 349330 | L97: 0 | M97: 0 | N97: 0 | O97: 0 | P97: 0 | Q97: 0 | R97: 0 | S97: =SUM(K97,R97) -> 349330
A98: 12 | B98: REASIGNACION DE DISPOSITIVOS | C98: INVENTARIO DE DISPOSITIVOS A REASIGNAR | D98: Profesional Universitario / Profesional Operativo | E98: 1 | F98: 1 | G98: =+F98*E98 -> 1 | H98: =ROUND(VLOOKUP(D98,Tabla22[],2,FALSE()),0) -> 6107703 | I98: =ROUND(VLOOKUP(D98,Tabla22[],6,FALSE()),0) -> 34933 | J98: =IFERROR(I98*F98,"") -> 34933 | K98: =IFERROR(E98*F98*I98,"") -> 34933 | L98: 0 | M98: 0 | N98: 0 | O98: 0 | P98: 0 | Q98: 0 | R98: 0 | S98: =SUM(K98,R98) -> 34933
D99: Profesional Especializado / Facilitador | E99: 1 | F99: 1 | G99: =+F99*E99 -> 1 | H99: =ROUND(VLOOKUP(D99,Tabla22[],2,FALSE()),0) -> 8822237 | I99: =ROUND(VLOOKUP(D99,Tabla22[],6,FALSE()),0) -> 50459 | J99: =IFERROR(I99*F99,"") -> 50459 | K99: =IFERROR(E99*F99*I99,"") -> 50459 | L99: 0 | M99: 0 | N99: 0 | O99: 0 | P99: 0 | Q99: 0 | R99: 0 | S99: =SUM(K99,R99) -> 50459
C100: IDENTIFICACIÓN DE POSIBLE BENEFICIARIO | D100: Profesional Universitario / Profesional Operativo | E100: 10 | F100: 3 | G100: =+F100*E100 -> 30 | H100: =ROUND(VLOOKUP(D100,Tabla22[],2,FALSE()),0) -> 6107703 | I100: =ROUND(VLOOKUP(D100,Tabla22[],6,FALSE()),0) -> 34933 | J100: =IFERROR(I100*F100,"") -> 104799 | K100: =IFERROR(E100*F100*I100,"") -> 1047990 | L100: 0 | M100: 0 | N100: 0 | O100: 0 | P100: 0 | Q100: 0 | R100: 0 | S100: =SUM(K100,R100) -> 1047990
C101: DISPOSICIÓN DEL DAP PARA ENTREGA (LIMPIEZA Y DESINFECCIÓN) | D101: Profesional Universitario / Profesional Operativo | E101: 10 | F101: 1 | G101: =+F101*E101 -> 10 | H101: =ROUND(VLOOKUP(D101,Tabla22[],2,FALSE()),0) -> 6107703 | I101: =ROUND(VLOOKUP(D101,Tabla22[],6,FALSE()),0) -> 34933 | J101: =IFERROR(I101*F101,"") -> 34933 | K101: =IFERROR(E101*F101*I101,"") -> 349330 | L101: 0 | M101: 0 | N101: 0 | O101: 0 | P101: 0 | Q101: 0 | R101: 0 | S101: =SUM(K101,R101) -> 349330
A102: 13 | B102: ACTIVIDADES ADMINISTRATIVAS | C102: PREAUDITORIA | D102: Profesional Especializado / Facilitador | E102: 10 | F102: 16 | G102: =+F102*E102 -> 160 | H102: =ROUND(VLOOKUP(D102,Tabla22[],2,FALSE()),0) -> 8822237 | I102: =ROUND(VLOOKUP(D102,Tabla22[],6,FALSE()),0) -> 50459 | J102: =IFERROR(I102*F102,"") -> 807344 | K102: =IFERROR(E102*F102*I102,"") -> 8073440 | L102: 0 | M102: 0 | N102: 0 | O102: 0 | P102: 0 | Q102: 0 | R102: 0 | S102: =SUM(K102,R102) -> 8073440
D103: Profesional Especializado / Coordinador | E103: 10 | F103: 16 | G103: =+F103*E103 -> 160 | H103: =ROUND(VLOOKUP(D103,Tabla22[],2,FALSE()),0) -> 10532771 | I103: =ROUND(VLOOKUP(D103,Tabla22[],6,FALSE()),0) -> 60242 | J103: =IFERROR(I103*F103,"") -> 963872 | K103: =IFERROR(E103*F103*I103,"") -> 9638720 | L103: 0 | M103: 0 | N103: 0 | O103: 0 | P103: 0 | Q103: 0 | R103: 0 | S103: =SUM(K103,R103) -> 9638720
D104: Profesional Universitario / Profesional Operativo | E104: 10 | F104: 16 | G104: =+F104*E104 -> 160 | H104: =ROUND(VLOOKUP(D104,Tabla22[],2,FALSE()),0) -> 6107703 | I104: =ROUND(VLOOKUP(D104,Tabla22[],6,FALSE()),0) -> 34933 | J104: =IFERROR(I104*F104,"") -> 558928 | K104: =IFERROR(E104*F104*I104,"") -> 5589280 | L104: 0 | M104: 0 | N104: 0 | O104: 0 | P104: 0 | Q104: 0 | R104: 0 | S104: =SUM(K104,R104) -> 5589280
C105: REUNIONES DE EQUIPO | D105: Profesional Especializado / Coordinador | E105: 10 | F105: 2 | G105: =+F105*E105 -> 20 | H105: =ROUND(VLOOKUP(D105,Tabla22[],2,FALSE()),0) -> 10532771 | I105: =ROUND(VLOOKUP(D105,Tabla22[],6,FALSE()),0) -> 60242 | J105: =IFERROR(I105*F105,"") -> 120484 | K105: =IFERROR(E105*F105*I105,"") -> 1204840 | L105: 0 | M105: 0 | N105: 0 | O105: 0 | P105: 0 | Q105: 0 | R105: 0 | S105: =SUM(K105,R105) -> 1204840
D106: Profesional Universitario / Profesional Operativo | E106: 10 | F106: 2 | G106: =+F106*E106 -> 20 | H106: =ROUND(VLOOKUP(D106,Tabla22[],2,FALSE()),0) -> 6107703 | I106: =ROUND(VLOOKUP(D106,Tabla22[],6,FALSE()),0) -> 34933 | J106: =IFERROR(I106*F106,"") -> 69866 | K106: =IFERROR(E106*F106*I106,"") -> 698660 | L106: 0 | M106: 0 | N106: 0 | O106: 0 | P106: 0 | Q106: 0 | R106: 0 | S106: =SUM(K106,R106) -> 698660
...

Sheet TABLA RESUMEN DAP
A2: ANEXO TABLA RESUMEN DE COSTOS CONCEPTO DE GASTO OTORGAMIENTO DE DISPOSITIVOS DE ASISTENCIA PERSONAL - AYUDAS TECNICAS VIG. 2026. FONDO DE DESARROLLO LOCAL DE SUBA
A5: ITEM | B5: COMPONENTES | C5: TOTAL FDL | D5: TOTAL SRNO | E5: TOTAL CONVENIO
A6: 1 | B6: ALISTAMIENTO | C6: =SUM(DAPS!K10:K14) -> 2590406 | D6: 0 | E6: =C6+D6 -> 2590406
A7: 2 | B7: PROCESO TECNICO ADMINISTRATIVO DE CONTRATACION DE PROVEEDORES | C7: =SUM(DAPS!K15:K17) -> 2865355 | D7: 0 | E7: =C7+D7 -> 2865355
A8: 3 | B8: CONVOCATORIA Y SOCIALIZACION | C8: =SUM(DAPS!K18:K23) -> 5659152 | D8: 0 | E8: =C8+D8 -> 5659152
A9: 4 | B9: PRESENTACION PUBLICA COMUNIDAD GENERAL - PERSONAS INTERESADAS Y PRESENTACIONES ANTE LA JAL | C9: =SUM(DAPS!K24:K28) -> 3141212 | D9: 0 | E9: =C9+D9 -> 3141212
A10: 5 | B10: INSCRIPCION | C10: =SUM(DAPS!K29:K31) -> 10125942 | D10: 0 | E10: =C10+D10 -> 10125942
A11: 6 | B11: IDENTIFICACION DE NECESIDADES FUNCIONALES DE VULNERABILIDAD Y PRESCRIPCION | C11: =SUM(DAPS!K32:K45) -> 200926869 | D11: 0 | E11: =C11+D11 -> 200926869
A12: 7 | B12: APROBACION | C12: =SUM(DAPS!K46:K52) -> 114289300 | D12: 0 | E12: =C12+D12 -> 114289300
A13: 8 | B13: GESTION PARA LA ADQUISICION | C13: =SUM(DAPS!K53:K63) -> 20122740 | D13: 0 | E13: =C13+D13 -> 20122740
A14: 9 | B14: ENTREGA Y ENTRENAMIENTO GRUPAL Y DOMICILIARIO | C14: =SUM(DAPS!K64:K75) -> 126904341 | D14: 0 | E14: =C14+D14 -> 126904341
A15: 10 | B15: SEGUIMIENTOS VIGENCIAS 2024 - 2023 - 2022 | C15: =SUM(DAPS!K76:K93) -> 121644480 | D15: 0 | E15: =C15+D15 -> 121644480
A16: 11 | B16: RETORNOS | C16: =SUM(DAPS!K94:K97) -> 1103882.8 | D16: 0 | E16: =C16+D16 -> 1103882.8
A17: 12 | B17: REASIGNACIONES | C17: =SUM(DAPS!K98:K101) -> 1482712 | D17: 0 | E17: =C17+D17 -> 1482712
A18: 13 | B18: ACTIVIDADES ADMINISTRATIVAS | C18: =SUM(DAPS!K102:K113) -> 27891862 | D18: 0 | E18: =C18+D18 -> 27891862
A19: 14 | B19: INFORMES | C19: =SUM(DAPS!K114:K120) -> 21369820 | D19: 0 | E19: =C19+D19 -> 21369820
A20: 15 | B20: COMITES DE SEGUIMIENTO | C20: =SUM(DAPS!K121:K122) -> 6642060 | D20: 0 | E20: =C20+D20 -> 6642060
A21: 16 | B21: TRANSPORTE (OTROS CONCEPTOS) | C21: =SUM(DAPS!K125:K125) -> 162000000 | D21: 0 | E21: =C21+D21 -> 162000000
A22: 17 | B22: ADQUISICION DISPOSITIVOS DE ASISTENCIA PERSONAL - AYUDA TECNICA (OTROS CONCEPTOS) | C22: =SUM(DAPS!K126:K126) -> 2441267352 | D22: 0 | E22: =C22+D22 -> 2441267352
A23: 18 | B23: COFINANCION SUBRED INTEGRADA DE SERVICIOS DE SALUD NORTE E.S.E. | C23: 0 | D23: =SUM(DAPS!R127) -> 327002850 | E23: =C23+D23 -> 327002850
A24: TOTAL GENERAL | C24: =SUM(C6:C23) -> 3.2700275e+09 | D24: =SUM(D6:D23) -> 327002850 | E24: =SUM(E6:E23) -> 3.5970303e+09

Sheet SNOF
D1: ANEXO CUADRO DE COSTOS GENERAL SALUD NUTRICIONAL, ORAL Y FISICA VIGENCIA 2026
A8: N° | B8: COMPONENTES | C8: ACTIVIDADES | E8: TALENTO HUMANO FDL | K8: COSTO TOTAL POR ACTIVIDAD | L8: TALENTO HUMANO SRNO | R8: COSTO TOTAL POR ACTIVIDAD | S8: COSTO TOTAL CONVENIO
D9: ROL EN EL EQUIPO DE TRABAJO | E9: FRECUENCIA DE USO | F9: NUMERO HORAS DEDICACIÓN MES | G9: TOTAL HORAS DEDICACIÓN CONVENIO | H9: HONORARIOS | I9: VALOR HORA | J9: VALOR POR ACTIVIDAD MES | L9: FRECUENCIA DE USO | M9: NUMERO HORAS DEDICACIÓN MES | N9: TOTAL HORAS DEDICACIÓN CONVENIO | O9: HONORARIOS | P9: VALOR HORA | Q9: VALOR POR ACTIVIDAD MES
A10: 1 | B10: ALISTAMIENTO | C10: GESTION NECESARIA PARA LA INCORPORACION DE PRESUPUESTO | D10: Profesional Especializado / Coordinador | E10: 1 | F10: 10 | G10: =+F10*E10 -> 10 | H10: 10532771 | I10: =ROUND(VLOOKUP(D10,Tabla22[],6,FALSE()),0) -> 60242 | J10: =IFERROR(I10*F10,"") -> 602420 | K10: =IFERROR(E10*F10*I10,"") -> 602420 | L10: 0 | M10: 0 | N10: 0 | O10: 0 | P10: 0 | Q10: 0 | R10: 0 | S10: =SUM(K10,R10) -> 602420
C11: GESTION CONTRATACION DE TALENTO HUMANO: ELABORACION DE REQUERIMIENTO Y OFICIO | D11: Profesional Especializado / Coordinador | E11: 1 | F11: 8 | G11: =+F11*E11 -> 8 | H11: =ROUND(VLOOKUP(D11,Tabla22[],2,FALSE()),0) -> 10532771 | I11: =ROUND(VLOOKUP(D11,Tabla22[],6,FALSE()),0) -> 60242 | J11: =IFERROR(I11*F11,"") -> 481936 | K11: =IFERROR(E11*F11*I11,"") -> 481936 | L11: 0 | M11: 0 | N11: 0 | O11: 0 | P11: 0 | Q11: 0 | R11: 0 | S11: =SUM(K11,R11) -> 481936
C12: SOLICITUD DE RECURSOS FISICOS Y APOYO TECNOLOGICO | D12: Profesional Especializado / Coordinador | E12: 1 | F12: 5 | G12: =+F12*E12 -> 5 | H12: =ROUND(VLOOKUP(D12,Tabla22[],2,FALSE()),0) -> 10532771 | I12: =ROUND(VLOOKUP(D12,Tabla22[],6,FALSE()),0) -> 60242 | J12: =IFERROR(I12*F12,"") -> 301210 | K12: =IFERROR(E12*F12*I12,"") -> 301210 | L12: 0 | M12: 0 | N12: 0 | O12: 0 | P12: 0 | Q12: 0 | R12: 0 | S12: =SUM(K12,R12) -> 301210
C13: ELABORACIÓN PLAN DE TRABAJO, CRONOGRAMA GENERAL Y MATRIZ DE PROYECCION FISICO FINANCIERA | D13: Profesional Especializado / Coordinador | E13: 1 | F13: 15 | G13: =+F13*E13 -> 15 | H13: =ROUND(VLOOKUP(D13,Tabla22[],2,FALSE()),0) -> 10532771 | I13: =ROUND(VLOOKUP(D13,Tabla22[],6,FALSE()),0) -> 60242 | J13: =IFERROR(I13*F13,"") -> 903630 | K13: =IFERROR(E13*F13*I13,"") -> 903630 | L13: 0 | M13: 0 | N13: 0 | O13: 0 | P13: 0 | Q13: 0 | R13: 0 | S13: =SUM(K13,R13) -> 903630
C14: REVISIÓN PLAN DE TRABAJO, CRONOGRAMA GENERAL Y MATRIZ DE PROYECCION FISICO FINANCIERA | D14: Profesional Especializado / Coordinador | E14: 1 | F14: 5 | G14: =+F14*E14 -> 5 | H14: =ROUND(VLOOKUP(D14,Tabla22[],2,FALSE()),0) -> 10532771 | I14: =ROUND(VLOOKUP(D14,Tabla22[],6,FALSE()),0) -> 60242 | J14: =IFERROR(I14*F14,"") -> 301210 | K14: =IFERROR(E14*F14*I14,"") -> 301210 | L14: 0 | M14: 0 | N14: 0 | O14: 0 | P14: 0 | Q14: 0 | R14: 0 | S14: =SUM(K14,R14) -> 301210
A15: 2 | B15: PROCESO TÉCNICO ADMINISTRATIVO DE CONTRATACIÓN DE PROVEEDORES | C15: - PLAN ANUAL DE ADQUISICIONES - ELABORACIÓN DE TERMINOSD E REFERENCIA -ELABORACIÓN DE ESTUDIOS DE MERCADO -ELABORACION DE ESTUDIOS PREVIOS -VISITAS TÉCNICAS A PROVEEDORES -EVALUACIÓN TÉCNICA A PROVEEDORES -APOYO ELABORACIÓN RESPUESTAS PARA SUBSANACIÓNES Y OBSERVACIONES DE LOS OFERENTES | D15: Profesional Especializado / Coordinador | E15: 1 | F15: 20 | G15: =+F15*E15 -> 20 | H15: =ROUND(VLOOKUP(D15,Tabla22[],2,FALSE()),0) -> 10532771 | I15: =ROUND(VLOOKUP(D15,Tabla22[],6,FALSE()),0) -> 60242 | J15: =IFERROR(I15*F15,"") -> 1204840 | K15: =IFERROR(E15*F15*I15,"") -> 1204840 | L15: 0 | M15: 0 | N15: 0 | O15: 0 | P15: 0 | Q15: 0 | R15: 0 | S15: =SUM(K15,R15) -> 1204840
D16: Profesional Especializado / Facilitador | E16: 1 | F16: 186 | G16: =+F16*E16 -> 186 | H16: =ROUND(VLOOKUP(D16,Tabla22[],2,FALSE()),0) -> 8822237 | I16: =ROUND(VLOOKUP(D16,Tabla22[],6,FALSE()),0) -> 50459 | J16: =IFERROR(I16*F16,"") -> 9385374 | K16: =IFERROR(E16*F16*I16,"") -> 9385374 | L16: 0 | M16: 0 | N16: 0 | O16: 0 | P16: 0 | Q16: 0 | R16: 0 | S16: =SUM(K16,R16) -> 9385374
C17: ACOMPAÑAMIENTO TÉCNICO AL PROCESO DE CONTRATACIÓN (PRE-CONTRACTUAL Y FIRMA DEL ACTA DE INICIO) | D17: Profesional Especializado / Coordinador | E17: 1 | F17: 40 | G17: =+F17*E17 -> 40 | H17: =ROUND(VLOOKUP(D17,Tabla22[],2,FALSE()),0) -> 10532771 | I17: =ROUND(VLOOKUP(D17,Tabla22[],6,FALSE()),0) -> 60242 | J17: =IFERROR(I17*F17,"") -> 2409680 | K17: =IFERROR(E17*F17*I17,"") -> 2409680 | L17: 0 | M17: 0 | N17: 0 | O17: 0 | P17: 0 | Q17: 0 | R17: 0 | S17: =SUM(K17,R17) -> 2409680
A18: 3 | B18: ETAPA DE CONVOCATORIA Y SOCIALIZACIÓN | C18: BUSQUEDA ACTIVA | D18: Profesional Universitario / Profesional Operativo | E18: 4 | F18: 80 | G18: =+F18*E18 -> 320 | H18: =ROUND(VLOOKUP(D18,Tabla22[],2,FALSE()),0) -> 6107703 | I18: =ROUND(VLOOKUP(D18,Tabla22[],6,FALSE()),0) -> 34933 | J18: =IFERROR(I18*F18,"") -> 2794640 | K18: =IFERROR(E18*F18*I18,"") -> 11178560 | L18: 0 | M18: 0 | N18: 0 | O18: 0 | P18: 0 | Q18: 0 | R18: 0 | S18: =SUM(K18,R18) -> 11178560
C19: ARTICULACION INTERINSTITUCIONAL E INTERSECTORIAL | D19: Profesional Especializado / Facilitador | E19: 4 | F19: 10 | G19: =+F19*E19 -> 40 | H19: =ROUND(VLOOKUP(D19,Tabla22[],2,FALSE()),0) -> 8822237 | I19: =ROUND(VLOOKUP(D19,Tabla22[],6,FALSE()),0) -> 50459 | J19: =IFERROR(I19*F19,"") -> 504590 | K19: =IFERROR(E19*F19*I19,"") -> 2018360 | L19: 0 | M19: 0 | N19: 0 | O19: 0 | P19: 0 | Q19: 0 | R19: 0 | S19: =SUM(K19,R19) -> 2018360
C20: ENVIO CONTENIDO PARA LA ELABORACION DE PIEZAS COMUNICATIVAS | D20: Profesional Especializado / Facilitador | E20: 1 | F20: 4 | G20: =+F20*E20 -> 4 | H20: =ROUND(VLOOKUP(D20,Tabla22[],2,FALSE()),0) -> 8822237 | I20: =ROUND(VLOOKUP(D20,Tabla22[],6,FALSE()),0) -> 50459 | J20: =IFERROR(I20*F20,"") -> 201836 | K20: =IFERROR(E20*F20*I20,"") -> 201836 | L20: 0 | M20: 0 | N20: 0 | O20: 0 | P20: 0 | Q20: 0 | R20: 0 | S20: =SUM(K20,R20) -> 201836
C21: DISEÑO DE PIEZAS COMUNICATIVAS | D21: Profesional Universitario / Profesional Operativo | E21: 1 | F21: 8 | G21: =+F21*E21 -> 8 | H21: =ROUND(VLOOKUP(D21,Tabla22[],2,FALSE()),0) -> 6107703 | I21: =ROUND(VLOOKUP(D21,Tabla22[],6,FALSE()),0) -> 34933 | J21: =IFERROR(I21*F21,"") -> 279464 | K21: =IFERROR(E21*F21*I21,"") -> 279464 | L21: 0 | M21: 0 | N21: 0 | O21: 0 | P21: 0 | Q21: 0 | R21: 0 | S21: =SUM(K21,R21) -> 279464
C22: DIVULGACIÓN DE PIEZA COMUNICATIVA | D22: Profesional Especializado / Facilitador | E22: 2 | F22: 1 | G22: =+F22*E22 -> 2 | H22: =ROUND(VLOOKUP(D22,Tabla22[],2,FALSE()),0) -> 8822237 | I22: =ROUND(VLOOKUP(D22,Tabla22[],6,FALSE()),0) -> 50459 | J22: =IFERROR(I22*F22,"") -> 50459 | K22: =IFERROR(E22*F22*I22,"") -> 100918 | L22: 0 | M22: 0 | N22: 0 | O22: 0 | P22: 0 | Q22: 0 | R22: 0 | S22: =SUM(K22,R22) -> 100918
D23: Profesional Universitario / Profesional Operativo | E23: 2 | F23: 1 | G23: =+F23*E23 -> 2 | H23: =ROUND(VLOOKUP(D23,Tabla22[],2,FALSE()),0) -> 6107703 | I23: =ROUND(VLOOKUP(D23,Tabla22[],6,FALSE()),0) -> 34933 | J23: =IFERROR(I23*F23,"") -> 34933 | K23: =IFERROR(E23*F23*I23,"") -> 69866 | L23: 0 | M23: 0 | N23: 0 | O23: 0 | P23: 0 | Q23: 0 | R23: 0 | S23: =SUM(K23,R23) -> 69866
A24: 4 | B24: PRESENTACIONES PÚBLICAS | C24: PLANEACION Y CONVOCATORIA: SOLICITUD DE ESPACIOS (FISICO Y/O VIRTUAL), ELABORACIÓN DE INVITACONES OFICIALES A GRUPOS POBLACIONALES, ELABORACION PRESENTACIÓN INICIAL | D24: Profesional Especializado / Facilitador | E24: 2 | F24: 16 | G24: =+F24*E24 -> 32 | H24: =ROUND(VLOOKUP(D24,Tabla22[],2,FALSE()),0) -> 8822237 | I24: =ROUND(VLOOKUP(D24,Tabla22[],6,FALSE()),0) -> 50459 | J24: =IFERROR(I24*F24,"") -> 807344 | K24: =IFERROR(E24*F24*I24,"") -> 1614688 | L24: 0 | M24: 0 | N24: 0 | O24: 0 | P24: 0 | Q24: 0 | R24: 0 | S24: =SUM(K24,R24) -> 1614688
D25: Profesional Especializado / Coordinador | E25: 2 | F25: 8 | G25: =+F25*E25 -> 16 | H25: =ROUND(VLOOKUP(D25,Tabla22[],2,FALSE()),0) -> 10532771 | I25: =ROUND(VLOOKUP(D25,Tabla22[],6,FALSE()),0) -> 60242 | J25: =IFERROR(I25*F25,"") -> 481936 | K25: =IFERROR(E25*F25*I25,"") -> 963872 | L25: 0 | M25: 0 | N25: 0 | O25: 0 | P25: 0 | Q25: 0 | R25: 0 | S25: =SUM(K25,R25) -> 963872
A26: 5 | B26: ETAPA DE INSCRIPCIÓN | C26: GESTIÓN DE LOS ESPACIOS FISICOS PARA PUNTOS ITINERANTES Y FIJOS DE INSCRIPCIÓN | D26: Profesional Especializado / Coordinador | E26: 1 | F26: 4 | G26: =+F26*E26 -> 4 | H26: =ROUND(VLOOKUP(D26,Tabla22[],2,FALSE()),0) -> 10532771 | I26: =ROUND(VLOOKUP(D26,Tabla22[],6,FALSE()),0) -> 60242 | J26: =IFERROR(I26*F26,"") -> 240968 | K26: =IFERROR(E26*F26*I26,"") -> 240968 | L26: 0 | M26: 0 | N26: 0 | O26: 0 | P26: 0 | Q26: 0 | R26: 0 | S26: =SUM(K26,R26) -> 240968
C27: RECEPCIÓN Y DIGITACIÓN DE INFORMACIÓN DE DATOS DE IDENTIFICACIÓN Y UBICACIÓN DEL POTENCIAL BENEFICIARIO EN BASE DE DATOS "LISTA DE INSCRITOS" | D27: Profesional Universitario / Profesional Operativo | E27: 4 | F27: 40 | G27: =+F27*E27 -> 160 | H27: =ROUND(VLOOKUP(D27,Tabla22[],2,FALSE()),0) -> 6107703 | I27: =ROUND(VLOOKUP(D27,Tabla22[],6,FALSE()),0) -> 34933 | J27: =IFERROR(I27*F27,"") -> 1397320 | K27: =IFERROR(E27*F27*I27,"") -> 5589280 | L27: 0 | M27: 0 | N27: 0 | O27: 0 | P27: 0 | Q27: 0 | R27: 0 | S27: =SUM(K27,R27) -> 5589280
C28: VERIFICACIÓN PARA LA DEPURACIÓN DE BASE DE DATOS DE "LISTA DE INSCRITOS" | D28: Profesional Universitario / Profesional Operativo | E28: 4 | F28: 8 | G28: =+F28*E28 -> 32 | H28: =ROUND(VLOOKUP(D28,Tabla22[],2,FALSE()),0) -> 6107703 | I28: =ROUND(VLOOKUP(D28,Tabla22[],6,FALSE()),0) -> 34933 | J28: =IFERROR(I28*F28,"") -> 279464 | K28: =IFERROR(E28*F28*I28,"") -> 1117856 | L28: 0 | M28: 0 | N28: 0 | O28: 0 | P28: 0 | Q28: 0 | R28: 0 | S28: =SUM(K28,R28) -> 1117856
A29: 6 | B29: ETAPA DE IDENTIFICACIÓN DE NECESIDADES | C29: GEOREFERENCIACIÓN | D29: Profesional Especializado / Facilitador | E29: 150 | F29: 0.05 | G29: =+F29*E29 -> 7.5 | H29: =ROUND(VLOOKUP(D29,Tabla22[],2,FALSE()),0) -> 8822237 | I29: =ROUND(VLOOKUP(D29,Tabla22[],6,FALSE()),0) -> 50459 | J29: =IFERROR(I29*F29,"") -> 2522.95 | K29: =IFERROR(E29*F29*I29,"") -> 378442.5 | L29: 0 | M29: 0 | N29: 0 | O29: 0 | P29: 0 | Q29: 0 | R29: 0 | S29: =SUM(K29,R29) -> 378442.5
C30: LLAMADAS A LOS USUARIOS PARA AGENDAMIENTO Y ALISTAMIENTO DE DOCUMENTACION | D30: Profesional Universitario / Profesional Operativo | E30: 150 | F30: 0.25 | G30: =+F30*E30 -> 37.5 | H30: =ROUND(VLOOKUP(D30,Tabla22[],2,FALSE()),0) -> 6107703 | I30: =ROUND(VLOOKUP(D30,Tabla22[],6,FALSE()),0) -> 34933 | J30: =IFERROR(I30*F30,"") -> 8733.25 | K30: =IFERROR(E30*F30*I30,"") -> 1309987.5 | L30: 0 | M30: 0 | N30: 0 | O30: 0 | P30: 0 | Q30: 0 | R30: 0 | S30: =SUM(K30,R30) -> 1309987.5
C31: TRASLADO INICIAL | D31: Profesional Universitario / Profesional Operativo | E31: 150 | F31: 0.5 | G31: =+F31*E31 -> 75 | H31: =ROUND(VLOOKUP(D31,Tabla22[],2,FALSE()),0) -> 6107703 | I31: =ROUND(VLOOKUP(D31,Tabla22[],6,FALSE()),0) -> 34933 | J31: =IFERROR(I31*F31,"") -> 17466.5 | K31: =IFERROR(E31*F31*I31,"") -> 2619975 | L31: 0 | M31: 0 | N31: 0 | O31: 0 | P31: 0 | Q31: 0 | R31: 0 | S31: =SUM(K31,R31) -> 2619975
C32: VISITA DE VULNERABILIDAD (ESPACIO DOMICILIO) INCLUYE EL DILIGENCIAMIENTO DE LOS FORMATOS | D32: Profesional Universitario / Profesional Operativo | E32: 150 | F32: 2 | G32: =+F32*E32 -> 300 | H32: =ROUND(VLOOKUP(D32,Tabla22[],2,FALSE()),0) -> 6107703 | I32: =ROUND(VLOOKUP(D32,Tabla22[],6,FALSE()),0) -> 34933 | J32: =IFERROR(I32*F32,"") -> 69866 | K32: =IFERROR(E32*F32*I32,"") -> 10479900 | L32: 0 | M32: 0 | N32: 0 | O32: 0 | P32: 0 | Q32: 0 | R32: 0 | S32: =SUM(K32,R32) -> 10479900
C33: TRASLADO FINAL | D33: Profesional Universitario / Profesional Operativo | E33: 150 | F33: 0.5 | G33: =+F33*E33 -> 75 | H33: =ROUND(VLOOKUP(D33,Tabla22[],2,FALSE()),0) -> 6107703 | I33: =ROUND(VLOOKUP(D33,Tabla22[],6,FALSE()),0) -> 34933 | J33: =IFERROR(I33*F33,"") -> 17466.5 | K33: =IFERROR(E33*F33*I33,"") -> 2619975 | L33: 0 | M33: 0 | N33: 0 | O33: 0 | P33: 0 | Q33: 0 | R33: 0 | S33: =SUM(K33,R33) -> 2619975
C34: REGISTRO EN BASE DE DATOS | D34: Profesional Universitario / Profesional Operativo | E34: 150 | F34: 0.16 | G34: =+F34*E34 -> 24 | H34: =ROUND(VLOOKUP(D34,Tabla22[],2,FALSE()),0) -> 6107703 | I34: =ROUND(VLOOKUP(D34,Tabla22[],6,FALSE()),0) -> 34933 | J34: =IFERROR(I34*F34,"") -> 5589.28 | K34: =IFERROR(E34*F34*I34,"") -> 838392 | L34: 0 | M34: 0 | N34: 0 | O34: 0 | P34: 0 | Q34: 0 | R34: 0 | S34: =SUM(K34,R34) -> 838392
C35: GESTIÓN ADMINISTRATIVA PROFESIONAL (RECEPCIÓN DOCUMENTAL Y DEMAS SOPORTES REQUERIDOS) | D35: Profesional Universitario / Profesional Operativo | E35: 150 | F35: 0.54 | G35: =+F35*E35 -> 81 | H35: =ROUND(VLOOKUP(D35,Tabla22[],2,FALSE()),0) -> 6107703 | I35: =ROUND(VLOOKUP(D35,Tabla22[],6,FALSE()),0) -> 34933 | J35: =IFERROR(I35*F35,"") -> 18863.82 | K35: =IFERROR(E35*F35*I35,"") -> 2829573 | L35: 0 | M35: 0 | N35: 0 | O35: 0 | P35: 0 | Q35: 0 | R35: 0 | S35: =SUM(K35,R35) -> 2829573
B36: Acceso al Sistema Integral de Referencia y Contrarreferencia (SIRC) | C36: jornada de capacitación relacionada con el uso y gestión del aplicativo SIRC- Módulo de Activación de Rutas. | D36: Profesional especializado / Facilitador | E36: 150 | F36: 0.05 | G36: =+F36*E36 -> 7.5 | H36: =ROUND(VLOOKUP(D36,Tabla22[],2,FALSE()),0) -> 8822237 | I36: =ROUND(VLOOKUP(D36,Tabla22[],6,FALSE()),0) -> 50459 | J36: =IFERROR(I36*F36,"") -> 2522.95 | K36: =IFERROR(E36*F36*I36,"") -> 378442.5 | L36: 0 | M36: 0 | N36: 0 | O36: 0 | P36: 0 | Q36: 0 | R36: 0 | S36: =SUM(K36,R36) -> 378442.5
C37: estrategia de comunicación para la socialización del portafolio de servicios del proyecto de inversión local, la cual será entregada a los equipos para interiorización e integración de acuerdo con las acciones desarrolladas por el del PSPIC y EAC, garantizando la canalización acuerdo a los criterios definidos. | D37: Profesional especializado / Facilitador | E37: 150 | F37: 0.25 | G37: =+F37*E37 -> 37.5 | H37: =ROUND(VLOOKUP(D37,Tabla22[],2,FALSE()),0) -> 8822237 | I37: =ROUND(VLOOKUP(D37,Tabla22[],6,FALSE()),0) -> 50459 | J37: =IFERROR(I37*F37,"") -> 12614.75 | K37: =IFERROR(E37*F37*I37,"") -> 1892212.5 | L37: 0 | M37: 0 | N37: 0 | O37: 0 | P37: 0 | Q37: 0 | R37: 0 | S37: =SUM(K37,R37) -> 1892212.5
C38: Espacios de diálogo con actores e instancias estratégicas en el territorio para la socialización del portafolio de servicios del proyecto. | D38: Profesional especializado / Facilitador | E38: 150 | F38: 0.5 | G38: =+F38*E38 -> 75 | H38: =ROUND(VLOOKUP(D38,Tabla22[],2,FALSE()),0) -> 8822237 | I38: =ROUND(VLOOKUP(D38,Tabla22[],6,FALSE()),0) -> 50459 | J38: =IFERROR(I38*F38,"") -> 25229.5 | K38: =IFERROR(E38*F38*I38,"") -> 3784425 | L38: 0 | M38: 0 | N38: 0 | O38: 0 | P38: 0 | Q38: 0 | R38: 0 | S38: =SUM(K38,R38) -> 3784425
A39: 7 | B39: Procedimiento de Canalización- Proyectos de Inversión Local | C39: Fase 1- Planeación: con Información de oferta de servicios, fecha de inicio y cierre, número de beneficiarios, entregables, grupos poblacionales y etarios, entre otras características necesarias para la identificación de la población, con el propósito de generar canalizaciones que cumplan con los criterios de inclusión del proyecto. | D39: Profesional especializado / Facilitador | E39: 1 | F39: 2 | G39: =+F39*E39 -> 2 | H39: =ROUND(VLOOKUP(D39,Tabla22[],2,FALSE()),0) -> 8822237 | I39: =ROUND(VLOOKUP(D39,Tabla22[],6,FALSE()),0) -> 50459 | J39: =IFERROR(I39*F39,"") -> 100918 | K39: =IFERROR(E39*F39*I39,"") -> 100918 | L39: 0 | M39: 0 | N39: 0 | O39: 0 | P39: 0 | Q39: 0 | R39: 0 | S39: =SUM(K39,R39) -> 100918
C40: Fase 2: Apropiación técnica: proceso de articulación con el PSPIC (entornos cuidadores y procesos transversales), así como los equipos de atención en casa, con el objetivo de realizar la apropiación conceptual del procedimiento de canalizaciones e ingreso al módulo de canalizaciones SIRC y la claridad técnica para la identificación de la población objeto del proyecto a través de la socialización del portafolio de servicios | D40: Profesional especializado / Facilitador | E40: 2 | F40: 2 | G40: =+F40*E40 -> 4 | H40: =ROUND(VLOOKUP(D40,Tabla22[],2,FALSE()),0) -> 8822237 | I40: =ROUND(VLOOKUP(D40,Tabla22[],6,FALSE()),0) -> 50459 | J40: =IFERROR(I40*F40,"") -> 100918 | K40: =IFERROR(E40*F40*I40,"") -> 201836 | L40: 0 | M40: 0 | N40: 0 | O40: 0 | P40: 0 | Q40: 0 | R40: 0 | S40: =SUM(K40,R40) -> 201836
C41: Fase 3- Generación de la canalización: generaran las canalizaciones dentro del desarrollo de sus acciones y conforme a los criterios y ofertas que les fueron informados; Se considera como actores principales de esta fase los equipos de los entornos cuidadores y atención en casa como generadores activos de la canalización | D41: Profesional Universitario / Profesional Operativo | E41: 150 | F41: 2 | G41: =+F41*E41 -> 300 | H41: 6107703 | I41: 34933 | J41: =IFERROR(I41*F41,"") -> 69866 | K41: =IFERROR(E41*F41*I41,"") -> 10479900 | L41: 0 | M41: 0 | N41: 0 | O41: 0 | P41: 0 | Q41: 0 | R41: 0 | S41: =SUM(K41,R41) -> 10479900
C42: Fase 4- Creación de la canalización: digitalizar en el módulo de canalizaciones del Aplicativo SIRC, una vez guardada la información se deberá visualizará la canalización para continuar con la fase 5, que se refiere a contestar la canalización. | D42: Profesional Universitario / Profesional Operativo | E42: 150 | F42: 1 | G42: =+F42*E42 -> 150 | H42: 6107703 | I42: 34933 | J42: =IFERROR(I42*F42,"") -> 34933 | K42: =IFERROR(E42*F42*I42,"") -> 5239950 | L42: 0 | M42: 0 | N42: 0 | O42: 0 | P42: 0 | Q42: 0 | R42: 0 | S42: =SUM(K42,R42) -> 5239950
C43: Fase 5- Gestión: proceso de contacto y convocatoria a los potenciales beneficiarios del proyecto que fueron canalizados y emitirá la respuesta de abordaje al usuario en el aplicativo SIRC-Módulo de Canalizaciones. En esta etapa puede presentarse que un pequeño porcentaje de los canalizados no puedan o no estén interesados en acceder al beneficio, en este caso se informará al líder de canalizaciones de la respectiva Subred Integrada de Servicios de Salud el número de canalizaciones no contactables o que han presentado fallas de pertinencia, para que se generen otras. | D43: Profesional Universitario / Profesional operativo | E43: 150 | F43: 1 | G43: =+F43*E43 -> 150 | H43: 6107703 | I43: 34933 | J43: =IFERROR(I43*F43,"") -> 34933 | K43: =IFERROR(E43*F43*I43,"") -> 5239950 | L43: 0 | M43: 0 | N43: 0 | O43: 0 | P43: 0 | Q43: 0 | R43: 0 | S43: =SUM(K43,R43) -> 5239950
C44: Fase 6- Cierre: descargará del módulo de canalizaciones del aplicativo SIRC archivo mensual en el que se realiza seguimiento a las canalizaciones cualitativas y cuantitativas. En este archivo se visualizará el número de canalizados y beneficiarios; esta descarga se sugiere se realice los 5 primeros días de mes. | D44: Profesional Universitario / Profesional Operativo | E44: 9 | F44: 2 | G44: =+F44*E44 -> 18 | H44: 6107703 | I44: 34933 | J44: =IFERROR(I44*F44,"") -> 69866 | K44: =IFERROR(E44*F44*I44,"") -> 628794 | L44: 0 | M44: 0 | N44: 0 | O44: 0 | P44: 0 | Q44: 0 | R44: 0 | S44: =SUM(K44,R44) -> 628794
C45: Fase 7- Resultados: seguimiento e interlocución con la líder de canalización para retroalimentar el nivel de cumplimiento a los criterios de las canalizaciones recibidas parte del PSPIC. | D45: Profesional especializado / Facilitador | E45: 2 | F45: 8 | G45: =+F45*E45 -> 16 | H45: 8822237 | I45: 50459 | J45: =IFERROR(I45*F45,"") -> 403672 | K45: =IFERROR(E45*F45*I45,"") -> 807344 | L45: 0 | M45: 0 | N45: 0 | O45: 0 | P45: 0 | Q45: 0 | R45: 0 | S45: =SUM(K45,R45) -> 807344
A46: 9 | B46: CIRCUITO DEL CUIDADO | C46: Elaboración de ficha tecnica apertura del circuito | D46: perfil nutricionista,odontologo y profesional en fisioterapia | E46: 1 | F46: 24 | G46: 3 | H46: 6107703 | I46: 34933 | J46: =IFERROR(I46*F46,"") -> 838392 | K46: =IFERROR(E46*F46*I46,"") -> 838392 | L46: 0 | M46: 0 | N46: 0 | O46: 0 | P46: 0 | Q46: 0 | R46: 0 | S46: =SUM(K46,R46) -> 838392
C47: Fase I: La fase de apertura del circuito se desarrollará mediante una metodología participativa, experiencial e integradora, orientada a generar procesos de sensibilización, motivación y apropiación inicial de hábitos de cuidado relacionados con la salud física, nutricional y oral en los diferentes grupos poblacionales. La jornada iniciará con una actividad colectiva de bienvenida y activación, apoyada en expresiones culturales y artísticas como música, teatro, baile, circo social, juegos interactivos y círculos de la palabra, promoviendo la participación, la integración grupal y la disposición al aprendizaje. Posteriormente, los participantes rotarán por estaciones pedagógicas y vivenciales con una duración de tres horas, en las cuales se abordarán contenidos relacionados con: • Alimentación saludable. • Cuidado de la salud oral. • Actividad física y movimiento corporal. | D47: Profesional Especializado / Coordinador | E47: 1 | F47: 3 | G47: 3 | H47: 10532771 | I47: 60242 | J47: =IFERROR(I47*F47,"") -> 180726 | K47: =IFERROR(E47*F47*I47,"") -> 180726 | L47: 0 | M47: 0 | N47: 0 | O47: =+N47*M47 -> 0 | P47: 0 | Q47: 0 | R47: 0 | S47: =SUM(K47,R47) -> 180726
D48: Profesional especializado / Facilitador | E48: 1 | F48: 3 | G48: 3 | H48: 8822237 | I48: 50459 | J48: =IFERROR(I48*F48,"") -> 151377 | K48: =IFERROR(E48*F48*I48,"") -> 151377 | L48: 0 | M48: 0 | N48: 0 | O48: =+N48*M48 -> 0 | P48: 0 | Q48: 0 | R48: 0 | S48: =SUM(K48,R48) -> 151377
D49: Profesional Universitario / Profesional Nutricionista | E49: 1 | F49: 3 | G49: =+F49*E49 -> 3 | H49: 6107703 | I49: 34933 | J49: =IFERROR(I49*F49,"") -> 104799 | K49: =IFERROR(E49*F49*I49,"") -> 104799 | L49: 0 | M49: 0 | N49: 0 | O49: =+N49*M49 -> 0 | P49: 0 | Q49: 0 | R49: 0 | S49: =SUM(K49,R49) -> 104799
D50: Profesional Universitario / Profesional Odontologo | E50: 1 | F50: 3 | G50: =+F50*E50 -> 3 | H50: 6107703 | I50: 34933 | J50: =IFERROR(I50*F50,"") -> 104799 | K50: =IFERROR(E50*F50*I50,"") -> 104799 | L50: 0 | M50: 0 | N50: 0 | O50: =+N50*M50 -> 0 | P50: 0 | Q50: 0 | R50: 0 | S50: =SUM(K50,R50) -> 104799
D51: Profesional Universitario / Profesional en fisioterapia y/o licenciatura educación física, recreación y deporte y/o licenciatura en educación fisica. | E51: 1 | F51: 3 | G51: =+F51*E51 -> 3 | H51: 6107703 | I51: 34933 | J51: =IFERROR(I51*F51,"") -> 104799 | K51: =IFERROR(E51*F51*I51,"") -> 104799 | L51: 0 | M51: 0 | N51: 0 | O51: =+N51*M51 -> 0 | P51: 0 | Q51: 0 | R51: 0 | S51: =SUM(K51,R51) -> 104799
C52: Elaboración de ficha tecnica:SESIÓN 1 – CIRCUITO EXPERIENCIAL DEL CUIDADO: DESAYUNO SALUDABLE | D52: Profesional Universitario / Profesional Nutricionista | E52: 1 | F52: 24 | G52: =+F52*E52 -> 24 | H52: 6107703 | I52: 34933 | J52: =IFERROR(I52*F52,"") -> 838392 | K52: =IFERROR(E52*F52*I52,"") -> 838392 | L52: 0 | M52: 0 | N52: 0 | O52: =+N52*M52 -> 0 | P52: 0 | Q52: 0 | R52: 0 | S52: =SUM(K52,R52) -> 838392
C53: SESIÓN 1 – CIRCUITO EXPERIENCIAL DEL CUIDADO: DESAYUNO SALUDABLE: Desarrollar una experiencia de acompañamiento y construcción colectiva de hábitos saludables y bienestar nutricional, acorde con las características del curso de vida. Este momento estará orientado al fortalecimiento de capacidades individuales, familiares y de cuidado para la adopción de prácticas alimentarias saludables, desde un enfoque diferencial, territorial y de curso de vida, priorizando población con factores de riesgo o condiciones de vulnerabilidad identificadas durante el proceso de caracterización y valoración integral en salud. La actividad tendrá un carácter práctico, reflexivo y de acompañamiento, aplicables al entorno cotidiano y familiar. (persona mayor, madres gestantes y niños y niñas). | D53: Profesional Universitario / Profesional Nutricionista | E53: 150 | F53: 4 | G53: =+F53*E53 -> 600 | H53: 6107703 | I53: 34933 | J53: =IFERROR(I53*F53,"") -> 139732 | K53: =IFERROR(E53*F53*I53,"") -> 20959800 | L53: 0 | M53: 0 | N53: 0 | O53: =+N53*M53 -> 0 | P53: 0 | Q53: 0 | R53: 0 | S53: =SUM(K53,R53) -> 20959800
C54: Actividad experiencial: práctica de desayuno saludable:Durante la actividad, los participantes realizará la practica experiencial guiada de un desayuno saludable compuesto por fruta fresca, miel, yogurt, granola natural, pan integral y queso fresco. | D54: DESAYUNO SALUDABLE | E54: 150 | F54: DESAYUNO SALUDABLE | I54: 73843 | J54: =I54*E54 -> 11076450 | K54: =J54 -> 11076450 | L54: 0 | M54: 0 | N54: 0 | O54: =+N54*M54 -> 0 | P54: 0 | Q54: 0 | R54: 0 | S54: =SUM(K54,R54) -> 11076450
C55: Elaboración de ficha tecnica:SESIÓN 2: “CUIDARNOS CON SABOR: DECISIONES ALIMENTARIAS QUE CUIDAN TU SALUD” | D55: Profesional Universitario / Profesional Nutricionista | E55: 1 | F55: 24 | G55: =+F55*E55 -> 24 | H55: 6107703 | I55: 34933 | J55: =IFERROR(I55*F55,"") -> 838392 | K55: =IFERROR(E55*F55*I55,"") -> 838392 | L55: 0 | M55: 0 | N55: 0 | O55: =+N55*M55 -> 0 | P55: 0 | Q55: 0 | R55: 0 | S55: =SUM(K55,R55) -> 838392
C56: “CUIDARNOS CON SABOR: DECISIONES ALIMENTARIAS QUE CUIDAN TU SALUD” Objetivo de la sesión Fortalecer los conocimientos y prácticas en alimentación saludable mediante la construcción participativa de un almuerzo balanceado, adaptado a las necesidades de los diferentes ciclos de vida y al contexto familiar de la población participante. | D56: Profesional Universitario / Profesional Nutricionista | E56: 150 | F56: 4 | G56: 600 | H56: 6107703 | I56: 34933 | J56: =IFERROR(I56*F56,"") -> 139732 | K56: =IFERROR(E56*F56*I56,"") -> 20959800 | L56: 0 | M56: 0 | N56: 0 | O56: =+N56*M56 -> 0 | P56: 0 | Q56: 0 | R56: 0 | S56: =SUM(K56,R56) -> 20959800
C57: Actividad experiencial: práctica de un almuerzo saludable y actividad pedagógica:Durante la actividad, los participantes realizará la practica experiencial guiada de un almuerzo saludable compuesto por proteina, carbohidrato,verduras y una bebida a base de fruta natural de frita de temporada. | D57: ALMUERZO SALUDABLE | E57: 150 | F57: ALMUERZO SALUDABLE | I57: 147753 | J57: =I57*E57 -> 22162950 | K57: =J57 -> 22162950 | L57: 0 | M57: 0 | N57: 0 | O57: =+N57*M57 -> 0 | P57: 0 | Q57: 0 | R57: 0 | S57: =SUM(K57,R57) -> 22162950
C58: Elaboración de Ficha Tecnica: SESIÓN 3: CIRCUITO EXPERIENCIAL DEL CUIDADO “APRENDIENDO, HACIENDO: MI CENA SALUDABLE | D58: Profesional Universitario / Profesional Nutricionista | E58: 1 | F58: 24 | G58: =+F58*E58 -> 24 | H58: 6107703 | I58: 34933 | J58: =IFERROR(I58*F58,"") -> 838392 | K58: =IFERROR(E58*F58*I58,"") -> 838392 | L58: 0 | M58: 0 | N58: 0 | O58: =+N58*M58 -> 0 | P58: 0 | Q58: 0 | R58: 0 | S58: =SUM(K58,R58) -> 838392
C59: SESIÓN 3: CIRCUITO EXPERIENCIAL DEL CUIDADO “APRENDIENDO, HACIENDO: MI CENA SALUDABLE:Objetivo de la sesión Promover hábitos de alimentación saludable en la última comida del día, resaltando la importancia de la cena en el descanso, la digestión y el bienestar general en los diferentes ciclos de vida. | D59: Profesional Universitario / Profesional Nutricionista | E59: 150 | F59: 4 | G59: 600 | H59: 6107703 | I59: 34933 | J59: =IFERROR(I59*F59,"") -> 139732 | K59: =IFERROR(J59*G59,"") -> 83839200 | L59: 0 | M59: 0 | N59: 0 | O59: =+N59*M59 -> 0 | P59: 0 | Q59: 0 | R59: 0 | S59: =SUM(K59,R59) -> 83839200
C60: Actividad experiencial: práctica de una cena saludable y actividad pedagógica:Durante la actividad, los participantes realizará la practica experiencial guiada de una cena saludable compuesto por proteina, carbohidrato,verduras y una bebida a base de fruta natural de frita de temporada. | D60: CENA SALUDABLE | E60: 150 | F60: CENA SALUDABLE | I60: 147753 | J60: =I60*E60 -> 22162950 | K60: =J60 -> 22162950 | L60: 0 | M60: 0 | N60: 0 | O60: =+N60*M60 -> 0 | P60: 0 | Q60: 0 | R60: 0 | S60: =SUM(K60,R60) -> 22162950
C61: KIT DE BIENESTAR EXPERIENCIAL:El kit deberá incluir: •Bolsa para mercado tipo cambrel de 40 cm x 45 cm, elaborada en material resistente y reutilizable, con inclusión de logos institucionales previamente aprobados por el FDLS. •Recetario pedagógico con preparaciones saludables desarrolladas durante las sesiones, adaptadas según curso de vida y orientadas a promover alternativas prácticas, nutritivas y accesibles para el hogar. Los elementos entregados deberán cumplir condiciones adecuadas de calidad, presentación, durabilidad y pertinencia pedagógica para la población participante. Así mismo, el diseño, contenido y piezas gráficas deberán contar con revisión y aprobación previa por parte del FDLS. | D61: KIT DE BIENESTAR EXPERIENCIAL | E61: 150 | F61: KIT DE BIENESTAR EXPERIENCIAL | I61: 22483 | J61: =I61*E61 -> 3372450 | K61: =J61 -> 3372450 | L61: 0 | M61: 0 | N61: 0 | O61: =+N61*M61 -> 0 | P61: 0 | Q61: 0 | R61: 0 | S61: =SUM(K61,R61) -> 3372450
C62: Elaboración de ficha tecnica: CIRCUITO EXPERIENCIAL DEL CUIDADO “SONREÍR TAMBIÉN ES CUIDARME” | D62: Profesional Universitario / Profesional Odontologo | E62: 1 | F62: 8 | G62: =+F62*E62 -> 8 | H62: 6107703 | I62: 34933 | J62: =IFERROR(I62*F62,"") -> 279464 | K62: =IFERROR(E62*F62*I62,"") -> 279464 | L62: 0 | M62: 0 | N62: 0 | O62: =+N62*M62 -> 0 | P62: 0 | Q62: 0 | R62: 0 | S62: =SUM(K62,R62) -> 279464
C63: SESIÓN 1 – CIRCUITO EXPERIENCIAL DEL CUIDADO “SONREÍR TAMBIÉN ES CUIDARME” Objetivo Promover el reconocimiento de la salud oral como parte fundamental del bienestar integral, fortaleciendo hábitos de autocuidado mediante experiencias pedagógicas, prácticas y participativas. Experiencia práctica individual Cada participante realizará ejercicios prácticos individuales de cepillado y cuidado oral con ayudas demostrativas, con acompañamiento del profesional, quien orientará correcciones sobre técnica, movimientos y tiempo de cepillado. | D63: Profesional Universitario / Profesional Odontologo | E63: 150 | F63: 4 | G63: =+F63*E63 -> 600 | H63: 6107703 | I63: 34933 | J63: =IFERROR(I63*F63,"") -> 139732 | K63: =IFERROR(E63*F63*I63,"") -> 20959800 | L63: 0 | M63: 0 | N63: 0 | O63: =+N63*M63 -> 0 | P63: 0 | Q63: 0 | R63: 0 | S63: =SUM(K63,R63) -> 20959800
C64: KIT DIDACTICO BUCAL: * modelo didactico de animal o personaje con dientes visibles: elaborado en material resistente y lavable con dim endiones de 60 cm de alto por 40 cm de ancho y 30 cm de profundidad. * Cepillo demostrativo en plastico resitente con cerdas sinteticas de naylon suaves, no toxicas y firmemente fijadas con una logitud aproximada entre 25 y 40 cm, que permite una manipulacion visible comoda durante la demostraciones, mango ergonomico antideslizante y cabeza amplia y proporcional al modelo dental. | D64: KIT DIDACTICO BUCAL | E64: 1 | F64: KIT DIDACTICO BUCAL | I64: 128231 | J64: =I64*E64 -> 128231 | K64: =J64 -> 128231 | L64: 0 | M64: 0 | N64: 0 | O64: =+N64*M64 -> 0 | P64: 0 | Q64: 0 | R64: 0 | S64: =SUM(K64,R64) -> 128231
C65: Elaboración de Ficha Tecnica: SESIÓN 2“CEPILLARNOS ES BIENESTAR” (FORTALECIMIENTO DE LA TÉCNICA Y PRÁCTICA GUIADA) | D65: Profesional Universitario / Profesional Odontologo | E65: 1 | F65: 8 | G65: =+F65*E65 -> 8 | H65: 6107703 | I65: 34933 | J65: =IFERROR(I65*F65,"") -> 279464 | K65: =IFERROR(E65*F65*I65,"") -> 279464 | L65: 0 | M65: 0 | N65: 0 | O65: =+N65*M65 -> 0 | P65: 0 | Q65: 0 | R65: 0 | S65: =SUM(K65,R65) -> 279464
C66: SESIÓN 2 – “CEPILLARNOS ES BIENESTAR” (FORTALECIMIENTO DE LA TÉCNICA Y PRÁCTICA GUIADA) Objetivo Fortalecer la apropiación de la técnica de higiene oral mediante práctica estructurada, corrección individual y consolidación de hábitos de autocuidado, con enfoque diferencial por curso de vida. Práctica avanzada de higiene oral con corrección individual Este momento es el núcleo experiencial de la sesión 2, orientado a la práctica estructurada, repetición guiada y corrección técnica individual y sesión de cierre. | D66: Profesional Universitario / Profesional Odontologo | E66: 150 | F66: 4 | G66: =+F66*E66 -> 600 | H66: 6107703 | I66: 34933 | J66: =IFERROR(I66*F66,"") -> 139732 | K66: =IFERROR(E66*F66*I66,"") -> 20959800 | L66: 0 | M66: 0 | N66: 0 | O66: =+N66*M66 -> 0 | P66: 0 | Q66: 0 | R66: 0 | S66: =SUM(K66,R66) -> 20959800
C67: KIT BUCAL NIÑOS (0 - 11): • Cepillo dental infantil. • Crema dental infantil • Material motivacional (stickers u otros). • Cartuchera reutilizable. • Enjuague bucal. | D67: KIT BUCAL NIÑOS | E67: 50 | F67: KIT BUCAL NIÑOS | I67: 63174 | J67: =I67*E67 -> 3158700 | K67: =J67 -> 3158700 | L67: 0 | M67: 0 | N67: 0 | O67: =+N67*M67 -> 0 | P67: 0 | Q67: 0 | R67: 0 | S67: =SUM(K67,R67) -> 3158700
C68: KIT PARA EL CUIDADO SALUD BUCAL • Cepillo dental para adulto. • Crema dental con flúor. • Seda dental. • Enjuague bucal. • Cartuchera reutilizable. | D68: KIT PARA EL CUIDADO SALUD BUCAL | E68: 100 | F68: KIT PARA EL CUIDADO SALUD BUCAL | I68: 81818 | J68: =I68*E68 -> 8181800 | K68: =J68 -> 8181800 | L68: 0 | M68: 0 | N68: 0 | O68: =+N68*M68 -> 0 | P68: 0 | Q68: 0 | R68: 0 | S68: =SUM(K68,R68) -> 8181800
C69: Elaboración de Ficha Tecnica: SESION 1 MOVIMIENTO CORPORAL madres gestantes | D69: Profesional Universitario / Profesional en fisioterapia y/o licenciatura educación física, recreación y deporte y/o licenciatura en educación fisica. | E69: 1 | F69: 8 | G69: =+F69*E69 -> 8 | H69: 6107703 | I69: 34933 | J69: =IFERROR(I69*F69,"") -> 279464 | K69: =IFERROR(E69*F69*I69,"") -> 279464 | L69: 0 | M69: 0 | N69: 0 | O69: =+N69*M69 -> 0 | P69: 0 | Q69: 0 | R69: 0 | S69: =SUM(K69,R69) -> 279464
C70: Madres Gestantes: Momento 1. Reconocimiento del movimiento y bienestar durante la gestación En este espacio se desarrollará una experiencia de sensibilización y construcción colectiva orientada a reconocer la importancia del movimiento consciente y el bienestar físico y emocional durante el embarazo, promoviendo prácticas cotidianas de autocuidado y fortalecimiento del vínculo materno. Experiencia práctica de respiración, movilidad y conexión corporal Las participantes vivirán una experiencia práctica orientada al reconocimiento corporal y la regulación emocional mediante ejercicios suaves de movilidad, respiración consciente, relajación guiada y estiramientos adaptados al proceso gestacional. | D70: Profesional Universitario / Profesional en fisioterapia y/o licenciatura educación física, recreación y deporte y/o licenciatura en educación fisica. | E70: 20 | F70: 4 | G70: =+F70*E70 -> 80 | H70: 6107703 | I70: 34933 | J70: =IFERROR(I70*F70,"") -> 139732 | K70: =IFERROR(E70*F70*I70,"") -> 2794640 | L70: 0 | M70: 0 | N70: 0 | O70: =+N70*M70 -> 0 | P70: 0 | Q70: 0 | R70: 0 | S70: =SUM(K70,R70) -> 2794640
C71: Kit gestantes: * Primera muda. Crema antipañalitis. *Pañitos humedos. *Toalla higienica materna. *Pantuflas. *Pañales estapa 1. *Pijama de maternidad. *Bolsa tipo cambel con fuelle. | D71: kit gestantes | E71: 20 | F71: KIT GESTANTES | I71: 342820 | J71: =I71*E71 -> 6856400 | K71: =J71 -> 6856400
C72: Elaboración de Ficha Tecnica: SESION 1 MOVIMIENTO CORPORAL niños y niñas | D72: Profesional Universitario / Profesional en fisioterapia y/o licenciatura educación física, recreación y deporte y/o licenciatura en educación fisica. | E72: 1 | F72: 8 | G72: =+F72*E72 -> 8 | H72: 6107703 | I72: 34933 | J72: =IFERROR(I72*F72,"") -> 279464 | K72: =IFERROR(E72*F72*I72,"") -> 279464 | L72: 0 | M72: 0 | N72: 0 | O72: =+N72*M72 -> 0 | P72: 0 | Q72: 0 | R72: 0 | S72: =SUM(K72,R72) -> 279464
C73: Niños y Niñas “Moviéndome cuido mi cuerpo” De manera paralela, se desarrollará una experiencia lúdica y de exploración motriz dirigida a niñas y niños, orientada al reconocimiento del movimiento, el juego y la actividad física como parte del bienestar y el cuidado del cuerpo. | D73: Profesional Universitario / Profesional en fisioterapia y/o licenciatura educación física, recreación y deporte y/o licenciatura en educación fisica. | E73: 50 | F73: 4 | G73: =+F73*E73 -> 200 | H73: 6107703 | I73: 34933 | J73: =IFERROR(I73*F73,"") -> 139732 | K73: =IFERROR(E73*F73*I73,"") -> 6986600 | L73: 0 | M73: 0 | N73: 0 | O73: =+N73*M73 -> 0 | P73: 0 | Q73: 0 | R73: 0 | S73: =SUM(K73,R73) -> 6986600
C74: Elaboración de Ficha Tecnica: SESION 1 MOVIMIENTO CORPORAL persona mayor | D74: Profesional Universitario / Profesional en fisioterapia y/o licenciatura educación física, recreación y deporte y/o licenciatura en educación fisica. | E74: 1 | F74: 8 | G74: =+F74*E74 -> 8 | H74: 6107703 | I74: 34933 | J74: =IFERROR(I74*F74,"") -> 279464 | K74: =IFERROR(E74*F74*I74,"") -> 279464 | L74: 0 | M74: 0 | N74: 0 | O74: =+N74*M74 -> 0 | P74: 0 | Q74: 0 | R74: 0 | S74: =SUM(K74,R74) -> 279464
C75: Personas mayores Con relación a las personas mayores, se desarrollará una experiencia participativa orientada al reconocimiento del movimiento y la movilidad funcional como elementos fundamentales para la autonomía, el bienestar emocional y la calidad de vida durante el envejecimiento. Experiencia práctica de movilidad consciente y bienestar Posteriormente, se desarrollará una experiencia guiada de movimiento suave y respiración consciente orientada al fortalecimiento funcional, relajación y bienestar integral. | D75: Profesional Universitario / Profesional en fisioterapia y/o licenciatura educación física, recreación y deporte y/o licenciatura en educación fisica. | E75: 40 | F75: 4 | G75: =+F75*E75 -> 160 | H75: 6107703 | I75: 34933 | J75: =IFERROR(I75*F75,"") -> 139732 | K75: =IFERROR(E75*F75*I75,"") -> 5589280 | L75: 0 | M75: 0 | N75: 0 | O75: =+N75*M75 -> 0 | P75: 0 | Q75: 0 | R75: 0 | S75: =SUM(K75,R75) -> 5589280
C76: Elaboración de Ficha Tecnica: SESION 1 MOVIMIENTO CORPORAL jovenes y adultos | D76: Profesional Universitario / Profesional en fisioterapia y/o licenciatura educación física, recreación y deporte y/o licenciatura en educación fisica. | E76: 1 | F76: 8 | G76: =+F76*E76 -> 8 | H76: 6107703 | I76: 34933 | J76: =IFERROR(I76*F76,"") -> 279464 | K76: =IFERROR(E76*F76*I76,"") -> 279464 | S76: =SUM(K76,R76) -> 279464
C77: Jóvenes y adultos Para la población joven y adulta se desarrollará una experiencia participativa orientada al reconocimiento del movimiento corporal como una herramienta de bienestar físico, emocional y social, promoviendo prácticas cotidianas de autocuidado y hábitos de vida activa aplicables en el entorno familiar, laboral y comunitario. Experiencia práctica de activación y bienestar corporal Posteriormente, los participantes vivirán una experiencia práctica orientada al fortalecimiento del bienestar físico mediante actividades de movilidad funcional, activación corporal y ejercicios de bajo impacto adaptados a las capacidades y condiciones de los asistentes. | D77: Profesional Universitario / Profesional en fisioterapia y/o licenciatura educación física, recreación y deporte y/o licenciatura en educación fisica. | E77: 40 | F77: 4 | G77: =+F77*E77 -> 160 | H77: 6107703 | I77: 34933 | J77: =IFERROR(I77*F77,"") -> 139732 | K77: =IFERROR(E77*F77*I77,"") -> 5589280 | L77: 0 | M77: 0 | N77: 0 | O77: =+N77*M77 -> 0 | P77: 0 | Q77: 0 | R77: 0 | S77: =SUM(K77,R77) -> 5589280
C78: Elaboración de Ficha Tecnica: SESION 1 MOVIMIENTO CORPORAL, SESION 2"EXPLORAR EL CUERPO, VIVIR EL MOVIMIENTO" | D78: Profesional Universitario / Profesional en fisioterapia y/o licenciatura educación física, recreación y deporte y/o licenciatura en educación fisica. | E78: 1 | F78: 8 | G78: =+F78*E78 -> 8 | H78: 6107703 | I78: 34933 | J78: =IFERROR(I78*F78,"") -> 279464 | K78: =IFERROR(E78*F78*I78,"") -> 279464 | L78: 0 | M78: 0 | N78: 0 | O78: =+N78*M78 -> 0 | P78: 0 | Q78: 0 | R78: 0 | S78: =SUM(K78,R78) -> 279464
C79: Mujeres gestantes La experiencia promoverá el movimiento consciente mediante ejercicios suaves, seguros y adaptados al proceso de gestación, favoreciendo la conexión entre respiración, postura y bienestar corporal. Las actividades incluirán: Movilidad suave. Ejercicios con balones de pilates. Respiración coordinada. Movimientos para disminuir tensión lumbar. Estiramientos funcionales. Relajación guiada. Construyendo compromisos para mantenernos en movimiento Una vez finalizada la experiencia corporal, los participantes reflexionarán sobre los beneficios del movimiento para su bienestar y construirán compromisos que favorezcan la incorporación de prácticas de actividad física en su vida cotidiana, fortaleciendo la corresponsabilidad individual, familiar y comunitaria. | D79: Profesional Universitario / Profesional en fisioterapia y/o licenciatura educación física, recreación y deporte y/o licenciatura en educación fisica. | E79: 20 | F79: 4 | G79: =+F79*E79 -> 80 | H79: 6107703 | I79: 34933 | J79: =IFERROR(I79*F79,"") -> 139732 | K79: =IFERROR(E79*F79*I79,"") -> 2794640 | L79: 0 | M79: 0 | N79: 0 | O79: =+N79*M79 -> 0 | P79: 0 | Q79: 0 | R79: 0 | S79: =SUM(K79,R79) -> 2794640
C80: Elaboración de Ficha Tecnica: SESION 2 MOVIMIENTO CORPORAL, SESION 2"EXPLORAR EL CUERPO, VIVIR EL MOVIMIENTO" NIÑOS Y NIÑAS | D80: Profesional Universitario / Profesional en fisioterapia y/o licenciatura educación física, recreación y deporte y/o licenciatura en educación fisica. | E80: 1 | F80: 8 | G80: =+F80*E80 -> 8 | H80: 6107703 | I80: 34933 | J80: =IFERROR(I80*F80,"") -> 279464 | K80: =IFERROR(E80*F80*I80,"") -> 279464 | L80: 0 | M80: 0 | N80: 0 | O80: =+N80*M80 -> 0 | P80: 0 | Q80: 0 | R80: 0 | S80: =SUM(K80,R80) -> 279464
C81: Niños y niñas (0 a 11 años) Se desarrollará una experiencia de exploración motriz, sensorial y de juego activo, orientada a fortalecer el desarrollo del movimiento, la coordinación, el equilibrio y la interacción con el entorno mediante actividades lúdicas, participativas y adaptadas a las características de cada etapa del desarrollo. En los niños y niñas menores de 3 años, la experiencia contará con el acompañamiento permanente del cuidador, favoreciendo el vínculo afectivo y la estimulación temprana a través del movimiento. iños y niñas Compromisos ilustrados mediante dibujos o símbolos. Juegos de recordación sobre actividades físicas favoritas. Participación del cuidador en la construcción de hábitos. | D81: Profesional Universitario / Profesional en fisioterapia y/o licenciatura educación física, recreación y deporte y/o licenciatura en educación fisica. | E81: 50 | F81: 4 | G81: =+F81*E81 -> 200 | H81: 6107703 | I81: 34933 | J81: =IFERROR(I81*F81,"") -> 139732 | K81: =IFERROR(E81*F81*I81,"") -> 6986600 | L81: 0 | M81: 0 | N81: 0 | O81: =+N81*M81 -> 0 | P81: 0 | Q81: 0 | R81: 0 | S81: =SUM(K81,R81) -> 6986600
C82: Elaboración de Ficha Tecnica: SESION 2 MOVIMIENTO CORPORAL, SESION 2"EXPLORAR EL CUERPO, VIVIR EL MOVIMIENTO" PERSONA MAYOR | D82: Profesional Universitario / Profesional en fisioterapia y/o licenciatura educación física, recreación y deporte y/o licenciatura en educación fisica. | E82: 1 | F82: 8 | G82: =+F82*E82 -> 8 | H82: 6107703 | I82: 34933 | J82: =IFERROR(I82*F82,"") -> 279464 | K82: =IFERROR(E82*F82*I82,"") -> 279464 | L82: 0 | M82: 0 | N82: 0 | O82: =+N82*M82 -> 0 | P82: 0 | Q82: 0 | R82: 0 | S82: =SUM(K82,R82) -> 279464
C83: Personas mayores: Se desarrollará una experiencia de movimiento rítmico y expresión corporal mediante actividades recreativas adaptadas. Las actividades incluirán: Movimiento guiado con música. Coordinación mediante secuencias sencillas. Uso de silla como apoyo. Actividades con bandas elásticas. Juegos de imitación. Ejercicios de movilidad y equilibrio. Personas mayores Identificación de actividades de movimiento adaptadas a su vida cotidiana. Construcción de compromisos orientados a mantener la autonomía y la funcionalidad. | D83: Profesional Universitario / Profesional en fisioterapia y/o licenciatura educación física, recreación y deporte y/o licenciatura en educación fisica. | E83: 40 | F83: 4 | G83: =+F83*E83 -> 160 | H83: 6107703 | I83: 34933 | J83: =IFERROR(I83*F83,"") -> 139732 | K83: =IFERROR(E83*F83*I83,"") -> 5589280 | L83: 0 | M83: 0 | N83: 0 | O83: =+N83*M83 -> 0 | P83: 0 | Q83: 0 | R83: 0 | S83: =SUM(K83,R83) -> 5589280
C84: Elaboración de Ficha Tecnica: SESION 2 MOVIMIENTO CORPORAL, SESION 2"EXPLORAR EL CUERPO, VIVIR EL MOVIMIENTO" Jovenes y adultos | D84: Profesional Universitario / Profesional en fisioterapia y/o licenciatura educación física, recreación y deporte y/o licenciatura en educación fisica. | E84: 1 | F84: 8 | G84: =+F84*E84 -> 8 | H84: 6107703 | I84: 34933 | J84: =IFERROR(I84*F84,"") -> 279464 | K84: =IFERROR(E84*F84*I84,"") -> 279464 | L84: 0 | M84: 0 | N84: 0 | O84: =+N84*M84 -> 0 | P84: 0 | Q84: 0 | R84: 0 | S84: =SUM(K84,R84) -> 279464
C85: Jóvenes y adultos La experiencia estará orientada al reconocimiento del movimiento como una herramienta cotidiana para favorecer el bienestar físico y emocional. Las actividades comprenderán: Activación corporal con música. Movilidad articular. Movimientos funcionales aplicables a la vida diaria. Retos grupales de coordinación. Circuitos recreativos de movimiento. Respiración y relajación integradas a la actividad. óvenes Identificación de oportunidades para mantenerse activos en el estudio, el trabajo y el tiempo libre. Construcción de compromisos personales de movimiento. | D85: Profesional Universitario / Profesional en fisioterapia y/o licenciatura educación física, recreación y deporte y/o licenciatura en educación fisica. | E85: 40 | F85: 4 | G85: =+F85*E85 -> 160 | H85: 6107703 | I85: 34933 | J85: =IFERROR(I85*F85,"") -> 139732 | K85: =IFERROR(E85*F85*I85,"") -> 5589280 | L85: 0 | M85: 0 | N85: 0 | O85: =+N85*M85 -> 0 | P85: 0 | Q85: 0 | R85: 0 | S85: =SUM(K85,R85) -> 5589280
C86: Elaboración de Ficha Tecnica: cierre | D86: Profesional Universitario / Profesional en fisioterapia y/o licenciatura educación física, recreación y deporte y/o licenciatura en educación fisica. | E86: 1 | F86: 8 | G86: =+F86*E86 -> 8 | H86: 6107703 | I86: 34933 | J86: =IFERROR(I86*F86,"") -> 279464 | K86: =IFERROR(E86*F86*I86,"") -> 279464 | L86: 0 | M86: 0 | N86: 0 | O86: =+N86*M86 -> 0 | P86: 0 | Q86: 0 | R86: 0 | S86: =SUM(K86,R86) -> 279464
C87: Cierre del circuito del circuido Se realizará una experiencia colectiva de movimiento acompañada de música y ejercicios de relajación que integren a todos los participantes, promoviendo la expresión corporal, la interacción y el reconocimiento del movimiento como una práctica cotidiana de bienestar. Posteriormente, cada participante compartirá el compromiso adquirido para incorporar hábitos de movimiento en su vida diaria, fortaleciendo la apropiación del autocuidado y la continuidad de las prácticas saludables en el entorno familiar y comunitario. | D87: Profesional Universitario / Profesional en fisioterapia y/o licenciatura educación física, recreación y deporte y/o licenciatura en educación fisica. | E87: 1 | F87: 24 | G87: 3 | H87: 6107703 | I87: 34933 | J87: =IFERROR(I87*F87,"") -> 838392 | K87: =IFERROR(E87*F87*I87,"") -> 838392 | L87: 0 | M87: 0 | N87: 0 | O87: =+N87*M87 -> 0 | P87: 0 | Q87: 0 | R87: 0 | S87: =SUM(K87,R87) -> 838392
C88: kit de movimiento corporal NIÑOS Y NIÑAS (0-11): • Lazo para niño 1.8 m a 2.5m adecuado para poblacion infantil, livianos, antideslizante, fabricados en plástico resistente y seguro. • Botella de aluminio de 750 ml. • Balón de pilates niños | D88: kit de movimiento corporal NIÑOS Y NIÑAS (0-11) | E88: 50 | F88: kit de movimiento corporal NIÑOS Y NIÑAS (0-11) | I88: 70581 | J88: =I88*E88 -> 3529050 | K88: =J88 -> 3529050 | L88: 0 | M88: 0 | N88: 0 | O88: =+N88*M88 -> 0 | P88: 0 | Q88: 0 | R88: 0 | S88: =SUM(K88,R88) -> 3529050
C89: KIT MOVIMIENTO CORPORAL: • Un balón de pilates • Una colchoneta o mat de yoga antideslizante • Botella de aluminio de 750 ml. • Bandas elásticas de resistencia 120 a 150 cm de largo y ancho 10 a 15 cm, nivel de resistencia baja o media. • Un lazo longitud de 2.5 m ajustable y diametro de 4mm y 8mm. | D89: kit de movimiento corporal | E89: 100 | F89: kit de movimiento corporal | I89: 183947 | J89: =I89*E89 -> 18394700 | K89: =J89 -> 18394700 | L89: 0 | M89: 0 | N89: 0 | O89: =+N89*M89 -> 0 | P89: 0 | Q89: 0 | R89: 0 | S89: =SUM(K89,R89) -> 18394700
A90: 10 | B90: SISTEMACION | C90: Consolidación de la información: Elabotación de las bases de datos por cada meta, conslidación de la información para el documento del ifnorme final que haran parte integral de la ejecución del convenio. | D90: Profesional Universitario / Profesional Operativo | E90: 10 | F90: 78 | G90: =+F90*E90 -> 780 | H90: 6107703 | I90: 34933 | J90: =IFERROR(I90*F90,"") -> 2724774 | K90: =IFERROR(E90*F90*I90,"") -> 27247740 | L90: 0 | M90: 0 | N90: 0 | O90: =+N90*M90 -> 0 | P90: 0 | Q90: 0 | R90: 0 | S90: =SUM(K90,R90) -> 27247740
A91: 11 | B91: ACTIVIDADES ADMINISTRATIVAS | C91: APOYO A LA COORDINACIÓN | D91: Profesional Especializado / Apoyo a la Coordinación | E91: 10 | F91: 40 | G91: =+F91*E91 -> 400 | H91: 8822237.2 | I91: 50459 | J91: =IFERROR(I91*F91,"") -> 2018360 | K91: =IFERROR(E91*F91*I91,"") -> 20183600 | S91: =SUM(K91,R91) -> 20183600
C92: PREAUDITORIA | D92: Profesional Especializado / Facilitador | E92: 10 | F92: 16 | G92: =+F92*E92 -> 160 | H92: 8822237 | I92: 50459 | J92: =IFERROR(I92*F92,"") -> 807344 | K92: =IFERROR(E92*F92*I92,"") -> 8073440 | L92: 0 | M92: 0 | N92: 0 | O92: 0 | P92: 0 | Q92: 0 | R92: 0 | S92: =SUM(K92,R92) -> 8073440
D93: Profesional Especializado / Coordinador | E93: 10 | F93: 16 | G93: =+F93*E93 -> 160 | H93: 10532771 | I93: 60242 | J93: =IFERROR(I93*F93,"") -> 963872 | K93: =IFERROR(E93*F93*I93,"") -> 9638720 | L93: 0 | M93: 0 | N93: 0 | O93: 0 | P93: 0 | Q93: 0 | R93: 0 | S93: =SUM(K93,R93) -> 9638720
D94: Profesional Universitario / Profesional Operativo | E94: 10 | F94: 16 | G94: =+F94*E94 -> 160 | H94: 6107703 | I94: 34933 | J94: =IFERROR(I94*F94,"") -> 558928 | K94: =IFERROR(E94*F94*I94,"") -> 5589280 | L94: 0 | M94: 0 | N94: 0 | O94: 0 | P94: 0 | Q94: 0 | R94: 0 | S94: =SUM(K94,R94) -> 5589280
C95: REUNIONES DE EQUIPO | D95: Profesional Especializado / Coordinador | E95: 10 | F95: 2 | G95: =+F95*E95 -> 20 | H95: 10532771 | I95: 60242 | J95: =IFERROR(I95*F95,"") -> 120484 | K95: =IFERROR(E95*F95*I95,"") -> 1204840 | L95: 0 | M95: 0 | N95: 0 | O95: 0 | P95: 0 | Q95: 0 | R95: 0 | S95: =SUM(K95,R95) -> 1204840
D96: Profesional Universitario / Profesional Operativo | E96: 10 | F96: 2 | G96: =+F96*E96 -> 20 | H96: 6107703 | I96: 34933 | J96: =IFERROR(I96*F96,"") -> 69866 | K96: =IFERROR(E96*F96*I96,"") -> 698660 | L96: 0 | M96: 0 | N96: 0 | O96: 0 | P96: 0 | Q96: 0 | R96: 0 | S96: =SUM(K96,R96) -> 698660
D97: Profesional Especializado / Facilitador | E97: 10 | F97: 2 | G97: =+F97*E97 -> 20 | H97: 8822237 | I97: 50459 | J97: =IFERROR(I97*F97,"") -> 100918 | K97: =IFERROR(E97*F97*I97,"") -> 1009180 | L97: 0 | M97: 0 | N97: 0 | O97: 0 | P97: 0 | Q97: 0 | R97: 0 | S97: =SUM(K97,R97) -> 1009180
C98: INDUCCIÓN Y REINDICCIÓN | D98: Profesional Especializado / Coordinador | E98: 1 | F98: 8 | G98: =+F98*E98 -> 8 | H98: 10532771 | I98: 60242 | J98: =IFERROR(I98*F98,"") -> 481936 | K98: =IFERROR(E98*F98*I98,"") -> 481936 | L98: 0 | M98: 0 | N98: 0 | O98: 0 | P98: 0 | Q98: 0 | R98: 0 | S98: =SUM(K98,R98) -> 481936
D99: Profesional Universitario / Profesional Operativo | E99: 1 | F99: 8 | G99: =+F99*E99 -> 8 | H99: 6107703 | I99: 34933 | J99: =IFERROR(I99*F99,"") -> 279464 | K99: =IFERROR(E99*F99*I99,"") -> 279464 | L99: 0 | M99: 0 | N99: 0 | O99: 0 | P99: 0 | Q99: 0 | R99: 0 | S99: =SUM(K99,R99) -> 279464
D100: Profesional Especializado / Facilitador | E100: 1 | F100: 8 | G100: =+F100*E100 -> 8 | H100: 8822237 | I100: 50459 | J100: =IFERROR(I100*F100,"") -> 403672 | K100: =IFERROR(E100*F100*I100,"") -> 403672 | L100: 0 | M100: 0 | N100: 0 | O100: 0 | P100: 0 | Q100: 0 | R100: 0 | S100: =SUM(K100,R100) -> 403672
A101: 13 | B101: INFORMES | C101: ELABORACIÓN DE INFORMES DE GESTIÓN MENSUAL | D101: Profesional Especializado / Facilitador | E101: 10 | F101: 8 | G101: =+F101*E101 -> 80 | H101: 8822237 | I101: 50459 | J101: =IFERROR(I101*F101,"") -> 403672 | K101: =IFERROR(E101*F101*I101,"") -> 4036720 | L101: 0 | M101: 0 | N101: 0 | O101: 0 | P101: 0 | Q101: 0 | R101: 0 | S101: =SUM(K101,R101) -> 4036720
C102: ELABORACIÓN DE INFORMES DE PAGO | D102: Profesional Especializado / Facilitador | E102: 5 | F102: 24 | G102: =+F102*E102 -> 120 | H102: 8822237 | I102: 50459 | J102: =IFERROR(I102*F102,"") -> 1211016 | K102: =IFERROR(E102*F102*I102,"") -> 6055080 | L102: 0 | M102: 0 | N102: 0 | O102: 0 | P102: 0 | Q102: 0 | R102: 0 | S102: =SUM(K102,R102) -> 6055080
C103: REVISIÓN DOCUMENTAL CON EL FONDO DE DESARROLLO LOCAL | D103: Profesional Especializado / Facilitador | E103: 10 | F103: 8 | G103: =+F103*E103 -> 80 | H103: 8822237 | I103: 50459 | J103: =IFERROR(I103*F103,"") -> 403672 | K103: =IFERROR(E103*F103*I103,"") -> 4036720 | L103: 0 | M103: 0 | N103: 0 | O103: 0 | P103: 0 | Q103: 0 | R103: 0 | S103: =SUM(K103,R103) -> 4036720
C104: INFORME FINAL | D104: Profesional Especializado / Facilitador | E104: 1 | F104: 40 | G104: =+F104*E104 -> 40 | H104: 8822237 | I104: 50459 | J104: =IFERROR(I104*F104,"") -> 2018360 | K104: =IFERROR(E104*F104*I104,"") -> 2018360 | L104: 0 | M104: 0 | N104: 0 | O104: 0 | P104: 0 | Q104: 0 | R104: 0 | S104: =SUM(K104,R104) -> 2018360
C105: GESTION FINAL DE LIQUIDACION (ACOMPAÑAMIENTO AL PROCESO DE LIQUIDACIÓN) | D105: Profesional Especializado / Coordinador | E105: 1 | F105: 30 | G105: =+F105*E105 -> 30 | H105: 10532771 | I105: 60242 | J105: =IFERROR(I105*F105,"") -> 1807260 | K105: =IFERROR(E105*F105*I105,"") -> 1807260 | L105: 0 | M105: 0 | N105: 0 | O105: 0 | P105: 0 | Q105: 0 | R105: 0 | S105: =SUM(K105,R105) -> 1807260
C106: ENTREGA DE SOPORTES DERIVADOS DE LA EJECUCIÓN DEL CONVENIO | D106: Profesional Universitario / Profesional Operativo | E106: 1 | F106: 40 | G106: =+F106*E106 -> 40 | H106: 6107703 | I106: 34933 | J106: =IFERROR(I106*F106,"") -> 1397320 | K106: =IFERROR(E106*F106*I106,"") -> 1397320 | L106: 0 | M106: 0 | N106: 0 | O106: 0 | P106: 0 | Q106: 0 | R106: 0 | S106: =SUM(K106,R106) -> 1397320
...

Sheet TABLA RESUMEN CUIDADORES
C1: ANEXO TABLA RESUMEN DE COSTOS DISPOSITIVOS DE ASISTENCIA PERSONAL -CUIDADORES 2025 FONDO DE DESARROLLO LOCAL DE TEUSAQUILLO
A5: ITEM | B5: COMPONENTES | D5: TOTAL FDL | E5: TOTAL SRNO | F5: TOTAL CONVENIO
A6: 1 | B6: ALISTAMIENTO
A7: 2 | B7: PROCESO TÉCNICO ADMINISTRATIVO DE CONTRATACIÓN DE PROVEEDORES
A8: 3 | B8: ETAPA DE CONVOCATORIA Y SOCIALIZACIÓN
A9: 4 | B9: PRESENTACIONES PÚBLICAS
A10: 5 | B10: ETAPA DE INSCRIPCIÓN
A11: 6 | B11: ETAPA DE IDENTIFICACIÓN DE NECESIDADES FUNCIONALES DE VULNERABILIDAD
B12: ETAPA DE PRESCRIPCION
A13: 7 | B13: COMPONENTE 1: FORTALECIMIENTO PARA EL EQUILIBRIO Y HABILIDADES PARA LA VIDA COTIDIANA
B14: COMPONENTE 2: REAPRENDIZAJE Y RESIGNIFICACION DE LA CONVIVENCIA
B15: COMPONENTE 3: PRACTICAS DE AUTONOMIA Y AUTOCUIDADO CON ANIMALES USO DEL AGUA, Y OTRAS TECNICAS FACILITADORAS
A16: 8 | B16: KIT
A17: 9 | B17: COMPONENTE 1: FORTALECIMIENTO PARA EL EQUILIBRIO Y HABILIDADES PARA LA VIDA COTIDIANA
B18: COMPONENTE 2: REAPRENDIZAJE Y RESIGNIFICACION DE LA CONVIVENCIA
B19: COMPONENTE 3: PRACTICAS DE AUTONOMIA Y AUTOCUIDADO CON ANIMALES USO DEL AGUA, Y OTRAS TECNICAS FACILITADORAS
A20: 10 | B20: COMPONENTE 1: FORTALECIMIENTO PARA EL EQUILIBRIO Y HABILIDADES PARA LA VIDA COTIDIANA
B21: COMPONENTE 2: REAPRENDIZAJE Y RESIGNIFICACION DE LA CONVIVENCIA
B22: COMPONENTE 3: PRACTICAS DE AUTONOMIA Y AUTOCUIDADO CON ANIMALES USO DEL AGUA, Y OTRAS TECNICAS FACILITADORAS
B23: TRANSPORTE
B24: REFRIGERIOS
B25: ALMUERZO
B26: RECORRIDOS
A27: 11 | B27: ACTIVIDADES ADMINISTRATIVAS
A28: 12 | B28: INFORMES
A29: 13 | B29: COMITÉS DE SEGUIMEINTO
A30: 14 | B30: SISTEMATIZACION DE LA INFORMACION
A31: 15 | B31: SERVICIO DE TRANSPORTE
A32: 16 | B32: COFINANCION TRANSVERSAL AL PROYECTO
A33: TOTAL GENERAL

Sheet TABLA RESUMEN SALUD SEXUAL 
B2: ANEXO TABLA RESUMEN DE ACCIONES Y ESTRATEGIAS PARA PROMOVER LA SALUD SEXUAL Y REPRODUCTIVA CONSCIENTE EN LOS DIFERENTES CICLOS DE VIDA
B3: FONDO DE DESARROLLO LOCAL DE TEUSAQUILLO
A5: ITEM | B5: COMPONENTES | C5: TOTAL FDL | D5: TOTAL SRNO | E5: TOTAL CONVENIO
A6: 1 | B6: ALISTAMIENTO
A7: 2 | B7: PROCESO TECNICO ADMINISTRATIVO DE CONTRATACION DE PROVEEDORES
A8: 3 | B8: CONVOCATORIA Y SOCIALIZACION
A9: 4 | B9: PRESENTACION PUBLICA COMUNIDAD GENERAL - PERSONAS INTERESADAS Y PRESENTACIONES ANTE LA JAL
A10: 5 | B10: INSCRIPCION
A11: 6 | B11: IDENTIFICACION DE NECESIDADES FUNCIONALES DE VULNERABILIDAD Y PRESCRIPCION
A12: 7 | B12: APROBACION
A13: 8 | B13: GESTION PARA LA ADQUISICION
A14: 9 | B14: ENTREGA Y ENTRENAMIENTO GRUPAL Y DOMICILIARIO
A15: 10 | B15: CANALIZACION
A16: 11 | B16: INFORMES
A17: 12 | B17: COMITÉS DE SEGUIMEINTO
... A19: 18 | B19: COFINANCION SUBRED INTEGRADA DE SERVICIOS DE SALUD NORTE E.S.E.
A20: TOTAL GENERAL | C20: =SUM(C6:C19) -> 0 | D20: =SUM(D6:D19) -> 0 | E20: =SUM(E6:E19) -> 0

Sheet TABLA RESUMEN SALUD SEXUAL  (2)
B2: ANEXO TABLA RESUMEN DE ACCIONES PARA LA PROMOCION Y ATENCION DE LA SALUD MENTAL
B3: FONDO DE DESARROLLO LOCAL DE TEUSAQUILLO
A5: ITEM | B5: COMPONENTES | C5: TOTAL FDL | D5: TOTAL SRNO | E5: TOTAL CONVENIO
A6: 1 | B6: ALISTAMIENTO
A7: 2 | B7: PROCESO TECNICO ADMINISTRATIVO DE CONTRATACION DE PROVEEDORES
A8: 3 | B8: CONVOCATORIA Y SOCIALIZACION
A9: 4 | B9: PRESENTACION PUBLICA COMUNIDAD GENERAL - PERSONAS INTERESADAS Y PRESENTACIONES ANTE LA JAL
A10: 5 | B10: INSCRIPCION
A11: 6 | B11: IDENTIFICACION DE NECESIDADES FUNCIONALES DE VULNERABILIDAD Y PRESCRIPCION
A12: 7 | B12: APROBACION
A13: 8 | B13: GESTION PARA LA ADQUISICION
A14: 9 | B14: ENTREGA Y ENTRENAMIENTO GRUPAL Y DOMICILIARIO
A15: 10 | B15: CANALIZACION
A16: 11 | B16: INFORMES
A17: 12 | B17: COMITÉS DE SEGUIMEINTO
... A19: 18 | B19: COFINANCION SUBRED INTEGRADA DE SERVICIOS DE SALUD NORTE E.S.E.
A20: TOTAL GENERAL | C20: =SUM(C6:C19) -> 0 | D20: =SUM(D6:D19) -> 0 | E20: =SUM(E6:E19) -> 0
